Workbook
Name activities: tbl_activity_NAICS[#Headers]
Name Implement: tbl_activity_NAICS[Implement]
Name Manage: 'Drop Down Lists'!$N$2:$N$14
Name Materials: 'Drop Down Lists'!$R$2:$R$23
Name Monitor: 'Drop Down Lists'!$P$2:$P$14
Name Plan: 'Drop Down Lists'!$O$2:$O$14
Name Realty_Service: 'Drop Down Lists'!$T$2:$T$4
Name test: 'Cost Entry Form'!$E$18

Sheet Title Page
A1: Supplementary Material 1
A3: This spreadsheet provides a template that can be used to implement cost collection following the Restoration Costs Collection (RCC) Framework as described in Cullinane Thomas et al. 2024. Please refer to the article for details about the RCC Framework. The Readme tab describes how to use this spreadsheet. The Cost Entry Form tab can be used as a template for tracking restoration project costs. Columns in the Cost Entry Form are defined in the Glossary tab.
A5: Title: A framework for estimating economic impacts of ecological restoration projects
A6: Authors and affiliations: Catherine Cullinane Thomas,1 Christopher Huber,2 Kristin E. Skrabis,3 and Timothy B. Hoelzle4
A7: 1U.S. Geological Survey, Fort Collins Science Center; current address: U.S. Department of Agriculture, Economic Research Service; ORCID 0000-0001-8168-1271
A8: 2U.S. Geological Survey, Science and Decisions Center; ORCID 0000-0001-8446-8134
A9: 3U.S. Department of the Interior, Office of Policy Analysis
A10: 4U.S. Department of the Interior, Office of Restoration and Damage Assessment; ORCID 0000-0003-0294-9730
A11: Corresponding Author: Catherine Cullinane-Thomas, catherine.cullinanethomas@usda.gov
A12: Statements and Declarations: This study was supported by funding from the U.S. Geological Survey and the Department of the Interior. The findings and conclusions in this publication are those of the author(s) and should not be construed to represent any official U.S. Department of Agriculture determination or policy. The authors have no conflicts of interest to declare. Any use of trade, firm, or product names is for descriptive purposes only and does not imply endorsement by the U.S. Government.
A13: Citation: Cullinane Thomas, C, Huber C, Skrabis K, Hoelzle T (2024) A Framework for Estimating Economic Impacts of Ecological Restoration. Environmental Management. 10.1007/s00267-024-02040-x

Sheet Readme
B2: Readme: Restoration Cost Collection (RCC) Framework
B3: Version | C3: 2022.01
B4: Compatibility: | C4: This workbook was designed for use in Excel version 2007 and later.
B5: * For more information about the Restoration Cost Collection (RCC) Framework, see: Cullinane Thomas, C, Huber C, Skrabis K, Hoelzle T (2024) A Framework for Estimating Economic Impacts of Ecological Restoration. Environmental Management. 10.1007/s00267-024-02040-x
B6: * You can use this tool freely. If writing about or sharing this tool, please cite: Cullinane Thomas, C, Huber C, Skrabis K, Hoelzle T (2024) A Framework for Estimating Economic Impacts of Ecological Restoration. Environmental Management. 10.1007/s00267-024-02040-x
B7: Overview
B8: * The goal of the restoration cost collection framework is to give restoration practitioners and project managers a tool for collecting and organizing project costs in a way that captures data on the composition of projects and enables economic impact analyses.
B9: * This system can be used to collect (or estimate) cost data for a wide range of projects: large and small projects; past, present, or future projects; and projects focused on mitigation, reclamation, restoration, or recovery.
B10: * The framework links common restoration actions with standard economic sectors in the North American Industrial Classification System (NAICS) scheme (Office of Management and Budget. 2017; https://www.census.gov/naics/). Systematically linking project expenditures to NAICS sectors enables bridging of cost data to economic multiplier data, which can be used to estimate economic impacts.
B11: Using the RCC Framework
B12: * The RCC Framework is organized around the information needed to estimate economic impacts, specifically: How much was spent? By whom? On what? when? And where? Projects are broken into restoration activities, which are broadly defined as components of a project for which costs can be assigned. Restoration activities are classified into activity types: project management, planning, monitoring, implementation, materials purchases, and realty activities. Total spending and a date range, in months and years, are collected for each activity. Figure 1 (below) describes the additional who, what, where data collected for each activity type. Blue cells in the 'Cost Entry Form' tab direct users through follow-up questions based on Activity Type.
B13: * The materials purchase activity type is reserved for materials that constitute a major element of project expenditures. For example, the materials purchase activity might be used for a culvert purchase for a stream restoration project, or a nursery product purchase for a planting project. Other, smaller materials purchases are often included within implementation expenditures and do not need to be listed as individual line items.
B14: * The RCC Framework is flexible and allows for varying levels of detail to be collected depending on data availability. Project components can be lumped into relatively few activities or divided into detailed line items. Cost and project data are improved when separate line items are recorded whenever who, what, where, or when elements differ within an activity. For example, if two different contractors (who) located in different areas (where) are hired to do similar work, it is best to list these costs separately. Similarly, if an activity takes place over multiple years, it is best to record separate annual line items for this activity.

Sheet Cost Entry Form
A1: Restoration Cost Collection Framework - Cost Entry Form
A2: Instructions
A3: * Use this form to break total project expenditures into costs by restoration activities.
A4: * Restoration activities are defined as discrete components of the project that you can assign costs to. Break the project into as many restoration activities as you have available data.
A5: * The combined costs for all restoration activities should sum to the total cost of the project.
A6: * Restoration activities can include project management, planning, monitoring, implementation, large materials purchases, land or easement purchases, and realty and legal services. Activities may have been performed by Federal government, State, local, or Tribal government, non-governmental organizations, or private industry.
A7: Completion steps:
B8: (1) Add case name, project name, and total project costs in the Project Overview Section.
B9: (2) In the Activity Breakdown section, start a row by entering an Activity Name and selecting an Activity Type.
B10: (3) Required cells for the row will be highlighted in blue.
B11: (4) Once all required information is entered for a row, the row will turn green.
A13: Caution!
B14: Don't cut and paste. Cutting and pasting will disrupt the conditional formatting in this workbook.
B15: Copy and paste is okay.
A16: Project Overview
B17: Case Name
B18: Project Name
B19: Total Cost of Project
B20: Sum of Activity Costs Entered | C20: =SUM(ProjectCostForm[Activity Cost]) -> 0 | D20: =IF( ISBLANK($C$19),"", IF($C$19=$C$20,"Way to go! Activity costs sum to total project costs.", "The sum of the activity costs entered in the table below differs from total project costs listed above."))
A21: Activity Breakdown
A22: # | B22: Activity Name | C22: Activity Type | D22: Activity Cost | E22: Start Date (m/d/yyyy) | F22: Completion Date (m/d/yyyy) | G22: 1 ➔➔➔ | H22: Implementing Party/ Vendor Type/ Selling Party | I22: 2 ➔➔➔ | J22: State | K22: County (or County Equivalent) | L22: 3 ➔➔➔ | M22: NAICS Code/Description | N22: Supply Chain Level | O22: Type of real-estate purchase | P22: Labor hours (optional) | Q22: Labor costs | R22: Travel costs | S22: Other nonlabor costs | T22: Description of Other nonlabor costs | U22: Warning | V22: ActiveRow | W22: Activity | X22: Manage_Plan_Monitor | Y22: Party | Z22: GetNAICS | AA22: GetBreakdown | AB22: BreakdownFlag | AC22: GetSupplyChain | AD22: GetRealty | AE22: RowComplete_Basics | AF22: RowComplete_NAICS | AG22: RowComplete_Breakdown | AH22: RowComplete_SupplyChain | AI22: RowComplete_Realty | AJ22: RowComplete
A23: {=ROW()-ROW(ProjectCostForm[#Headers])} -> 1 | B23: Add activity name first | G23: =IF(ISBLANK(ProjectCostForm[[#This Row],[Activity Type]]), "", IF(OR(ProjectCostForm[[#This Row],[Activity]]= "Manage", ProjectCostForm[[#This Row],[Activity]]= "Plan",ProjectCostForm[[#This Row],[Activity]]= "Monitor",ProjectCostForm[[#This Row],[Activity]]= "Implement",ProjectCostForm[[#This Row],[Activity]]= "Realty_Service"),"Who is the implementing party for this activity? ➔", IF(ProjectCostForm[[#This Row],[Activity]]= "Materials", "Who is the vendor type for this material? ➔", IF(ProjectCostForm[[#This Row],[Activity]]="Realty_Buy","Who is the selling party for this property? ➔"," ")))) | I23: =IF(ISBLANK(ProjectCostForm[[#This Row],[Activity Type]]), "", IF(OR(ProjectCostForm[[#This Row],[Activity]]= "Manage", ProjectCostForm[[#This Row],[Activity]]= "Plan",ProjectCostForm[[#This Row],[Activity]]= "Monitor"),"State and county where expenditures were primarily made ➔", IF(OR(ProjectCostForm[[#This Row],[Activity]]= "Implement"),"State and county where implementation occurred ➔", IF(ProjectCostForm[[#This Row],[Activity]]= "Materials", "State and county where purchase was made ➔", IF(ProjectCostForm[[#This Row],[Activity]]="Realty_Buy","State and county where property is located ➔", IF(ProjectCostForm[[#This Row],[Activity]]="Realty_Service","State and county where implementing party is located ➔"," ")))))) | L23: =IF(OR(ISBLANK(ProjectCostForm[[#This Row],[Activity Type]]), ISBLANK(ProjectCostForm[[#This Row],[Implementing Party/ Vendor Type/ Selling Party]])), "", IF(ProjectCostForm[[#This Row],[GetBreakdown]]=TRUE,"Breakdown activity costs into labor,travel, and other non-labor expenditures ➔", IF(AND(ProjectCostForm[[#This Row],[GetNAICS]]=TRUE,ProjectCostForm[[#This Row],[Activity]]<>"Materials",ProjectCostForm[[#This Row],[Activity]]<>"Realty_Buy"),"List the primary NAICS code describing the service or activity ➔", IF(ProjectCostForm[[#This Row],[Activity]]="Materials","List the primary NAICS code describing the material purchased and select the supply chain level of the purchase ➔", IF(ProjectCostForm[[#This Row],[Activity]]="Realty_Buy","Select the type of realestate purchase ➔", ""))))) | U23: =IF(OR(ProjectCostForm[[#This Row],[ActiveRow]]=FALSE, ISERROR(ProjectCostForm[[#This Row],[BreakdownFlag]])),"", IF(ProjectCostForm[[#This Row],[BreakdownFlag]]=TRUE, "Labor, travel, and nonlabor costs must sum to total activity cost for this row (total activity cost = $" & ProjectCostForm[[#This Row],[Activity Cost]] & "). Your current sum is $" & SUM($Q23:$S23) &".", "")) | V23: =OR(NOT(ISBLANK(ProjectCostForm[[#This Row],[Activity Name]])), NOT(ISBLANK(ProjectCostForm[[#This Row],[Activity Type]])), NOT(ISBLANK(ProjectCostForm[[#This Row],[Activity Cost]]))) -> TRUE | W23: =VLOOKUP('Cost Entry Form'!$C23,tbl_ActivityList[],2,FALSE) -> #N/A | X23: =IF(OR(ProjectCostForm[[#This Row],[Activity]]="Manage",ProjectCostForm[[#This Row],[Activity]]="Plan",ProjectCostForm[[#This Row],[Activity]]="Monitor"),TRUE, FALSE) -> #N/A | Y23: =VLOOKUP('Cost Entry Form'!$H23,tbl_party[],2,FALSE) -> #N/A | Z23: =IF(AND(ProjectCostForm[[#This Row],[Manage_Plan_Monitor]]=TRUE,ProjectCostForm[[#This Row],[Party]]<>"P"),FALSE, IF(ProjectCostForm[[#This Row],[Activity]]="Realty_Buy", FALSE, TRUE)) -> #N/A | AA23: =IF(AND(ProjectCostForm[[#This Row],[GetNAICS]]=FALSE,ProjectCostForm[[#This Row],[Manage_Plan_Monitor]]=TRUE),TRUE, FALSE) -> #N/A | AB23: =IF(AND( ProjectCostForm[[#This Row],[GetBreakdown]]=TRUE, SUM(ProjectCostForm[[#This Row],[Labor costs]:[Other nonlabor costs]])<>ProjectCostForm[[#This Row],[Activity Cost]]), TRUE, FALSE) -> #N/A | AC23: =IF(ProjectCostForm[[#This Row],[Activity]]="Materials", TRUE, FALSE) -> #N/A | AD23: =IF(ProjectCostForm[[#This Row],[Activity]]="Realty_Buy", TRUE, FALSE) -> #N/A | AE23: =IF(AND( NOT(ISBLANK(ProjectCostForm[[#This Row],[Activity Name]])), NOT(ISBLANK(ProjectCostForm[[#This Row],[Start Date (m/d/yyyy)]])), NOT(ISBLANK(ProjectCostForm[[#This Row],[Completion Date (m/d/yyyy)]])), NOT(ISBLANK(ProjectCostForm[[#This Row],[Activity Type]])), NOT(ISBLANK(ProjectCostForm[[#This Row],[Activity Cost]])), NOT(ISBLANK(ProjectCostForm[[#This Row],[Implementing Party/ Vendor Type/ Selling Party]])), NOT(ISBLANK(ProjectCostForm[[#This Row],[State]])), NOT(ISBLANK(ProjectCostForm[[#This Row],[County (or County Equivalent)]]))), TRUE,FALSE) -> FALSE | AF23: =IF(ProjectCostForm[[#This Row],[GetNAICS]]=FALSE, "Not Applicable", IF(NOT(ISBLANK(ProjectCostForm[[#This Row],[NAICS Code/Description]])),TRUE,FALSE)) -> #N/A | AG23: =IF(ProjectCostForm[[#This Row],[GetBreakdown]]=FALSE, "Not Applicable", IF(AND(NOT(ISBLANK(ProjectCostForm[[#This Row],[Labor costs]])),NOT(ISBLANK(ProjectCostForm[[#This Row],[Travel costs]])),NOT(ISBLANK(ProjectCostForm[[#This Row],[Other nonlabor costs]])),NOT(ISBLANK(ProjectCostForm[[#This Row],[Description of Other nonlabor costs]]))),TRUE,FALSE)) -> #N/A | AH23: =IF(ProjectCostForm[[#This Row],[GetSupplyChain]]=FALSE, "Not Applicable", IF(NOT(ISBLANK(ProjectCostForm[[#This Row],[Supply Chain Level]])),TRUE,FALSE)) -> #N/A | AI23: =IF(ProjectCostForm[[#This Row],[GetRealty]]=FALSE, "Not Applicable", IF(NOT(ISBLANK(ProjectCostForm[[#This Row],[Type of real-estate purchase]])),TRUE,FALSE)) -> #N/A | AJ23: =IF(OR( AND(ProjectCostForm[[#This Row],[RowComplete_Basics]]=TRUE,ProjectCostForm[[#This Row],[GetNAICS]]=TRUE,ProjectCostForm[[#This Row],[RowComplete_NAICS]]=TRUE,ProjectCostForm[[#This Row],[GetSupplyChain]]=FALSE), AND(ProjectCostForm[[#This Row],[RowComplete_Basics]]=TRUE,ProjectCostForm[[#This Row],[GetNAICS]]=TRUE,ProjectCostForm[[#This Row],[RowComplete_NAICS]]=TRUE,ProjectCostForm[[#This Row],[GetSupplyChain]]=TRUE,ProjectCostForm[[#This Row],[RowComplete_SupplyChain]]=TRUE), AND(ProjectCostForm[[#This Row],[RowComplete_Basics]]=TRUE,ProjectCostForm[[#This Row],[GetBreakdown]]=TRUE,ProjectCostForm[[#This Row],[RowComplete_Breakdown]]=TRUE,ProjectCostForm[[#This Row],[BreakdownFlag]]=FALSE), AND(ProjectCostForm[[#This Row],[RowComplete_Basics]]=TRUE,ProjectCostForm[[#This Row],[GetSupplyChain]]=TRUE,ProjectCostForm[[#This Row],[RowComplete_SupplyChain]]=TRUE), AND(ProjectCostForm[[#This Row],[RowComplete_Basics]]=TRUE,ProjectCostForm[[#This Row],[GetRealty]]=TRUE,ProjectCostForm[[#This Row],[RowComplete_Realty]]=TRUE)),TRUE,FALSE) -> #N/A
A24: {=ROW()-ROW(ProjectCostForm[#Headers])} -> 2 | G24: =IF(ISBLANK(ProjectCostForm[[#This Row],[Activity Type]]), "", IF(OR(ProjectCostForm[[#This Row],[Activity]]= "Manage", ProjectCostForm[[#This Row],[Activity]]= "Plan",ProjectCostForm[[#This Row],[Activity]]= "Monitor",ProjectCostForm[[#This Row],[Activity]]= "Implement",ProjectCostForm[[#This Row],[Activity]]= "Realty_Service"),"Who is the implementing party for this activity? ➔", IF(ProjectCostForm[[#This Row],[Activity]]= "Materials", "Who is the vendor type for this material? ➔", IF(ProjectCostForm[[#This Row],[Activity]]="Realty_Buy","Who is the selling party for this property? ➔"," ")))) | I24: =IF(ISBLANK(ProjectCostForm[[#This Row],[Activity Type]]), "", IF(OR(ProjectCostForm[[#This Row],[Activity]]= "Manage", ProjectCostForm[[#This Row],[Activity]]= "Plan",ProjectCostForm[[#This Row],[Activity]]= "Monitor"),"State and county where expenditures were primarily made ➔", IF(OR(ProjectCostForm[[#This Row],[Activity]]= "Implement"),"State and county where implementation occurred ➔", IF(ProjectCostForm[[#This Row],[Activity]]= "Materials", "State and county where purchase was made ➔", IF(ProjectCostForm[[#This Row],[Activity]]="Realty_Buy","State and county where property is located ➔", IF(ProjectCostForm[[#This Row],[Activity]]="Realty_Service","State and county where implementing party is located ➔"," ")))))) | L24: =IF(OR(ISBLANK(ProjectCostForm[[#This Row],[Activity Type]]), ISBLANK(ProjectCostForm[[#This Row],[Implementing Party/ Vendor Type/ Selling Party]])), "", IF(ProjectCostForm[[#This Row],[GetBreakdown]]=TRUE,"Breakdown activity costs into labor,travel, and other non-labor expenditures ➔", IF(AND(ProjectCostForm[[#This Row],[GetNAICS]]=TRUE,ProjectCostForm[[#This Row],[Activity]]<>"Materials",ProjectCostForm[[#This Row],[Activity]]<>"Realty_Buy"),"List the primary NAICS code describing the service or activity ➔", IF(ProjectCostForm[[#This Row],[Activity]]="Materials","List the primary NAICS code describing the material purchased and select the supply chain level of the purchase ➔", IF(ProjectCostForm[[#This Row],[Activity]]="Realty_Buy","Select the type of realestate purchase ➔", ""))))) | U24: =IF(OR(ProjectCostForm[[#This Row],[ActiveRow]]=FALSE, ISERROR(ProjectCostForm[[#This Row],[BreakdownFlag]])),"", IF(ProjectCostForm[[#This Row],[BreakdownFlag]]=TRUE, "Labor, travel, and nonlabor costs must sum to total activity cost for this row (total activity cost = $" & ProjectCostForm[[#This Row],[Activity Cost]] & "). Your current sum is $" & SUM($Q24:$S24) &".", "")) | V24: =OR(NOT(ISBLANK(ProjectCostForm[[#This Row],[Activity Name]])), NOT(ISBLANK(ProjectCostForm[[#This Row],[Activity Type]])), NOT(ISBLANK(ProjectCostForm[[#This Row],[Activity Cost]]))) -> FALSE | W24: =VLOOKUP('Cost Entry Form'!$C24,tbl_ActivityList[],2,FALSE) -> #N/A | X24: =IF(OR(ProjectCostForm[[#This Row],[Activity]]="Manage",ProjectCostForm[[#This Row],[Activity]]="Plan",ProjectCostForm[[#This Row],[Activity]]="Monitor"),TRUE, FALSE) -> #N/A | Y24: =VLOOKUP('Cost Entry Form'!$H24,tbl_party[],2,FALSE) -> #N/A | Z24: =IF(AND(ProjectCostForm[[#This Row],[Manage_Plan_Monitor]]=TRUE,ProjectCostForm[[#This Row],[Party]]<>"P"),FALSE, IF(ProjectCostForm[[#This Row],[Activity]]="Realty_Buy", FALSE, TRUE)) -> #N/A | AA24: =IF(AND(ProjectCostForm[[#This Row],[GetNAICS]]=FALSE,ProjectCostForm[[#This Row],[Manage_Plan_Monitor]]=TRUE),TRUE, FALSE) -> #N/A | AB24: =IF(AND( ProjectCostForm[[#This Row],[GetBreakdown]]=TRUE, SUM(ProjectCostForm[[#This Row],[Labor costs]:[Other nonlabor costs]])<>ProjectCostForm[[#This Row],[Activity Cost]]), TRUE, FALSE) -> #N/A | AC24: =IF(ProjectCostForm[[#This Row],[Activity]]="Materials", TRUE, FALSE) -> #N/A | AD24: =IF(ProjectCostForm[[#This Row],[Activity]]="Realty_Buy", TRUE, FALSE) -> #N/A | AE24: =IF(AND( NOT(ISBLANK(ProjectCostForm[[#This Row],[Activity Name]])), NOT(ISBLANK(ProjectCostForm[[#This Row],[Start Date (m/d/yyyy)]])), NOT(ISBLANK(ProjectCostForm[[#This Row],[Completion Date (m/d/yyyy)]])), NOT(ISBLANK(ProjectCostForm[[#This Row],[Activity Type]])), NOT(ISBLANK(ProjectCostForm[[#This Row],[Activity Cost]])), NOT(ISBLANK(ProjectCostForm[[#This Row],[Implementing Party/ Vendor Type/ Selling Party]])), NOT(ISBLANK(ProjectCostForm[[#This Row],[State]])), NOT(ISBLANK(ProjectCostForm[[#This Row],[County (or County Equivalent)]]))), TRUE,FALSE) -> FALSE | AF24: =IF(ProjectCostForm[[#This Row],[GetNAICS]]=FALSE, "Not Applicable", IF(NOT(ISBLANK(ProjectCostForm[[#This Row],[NAICS Code/Description]])),TRUE,FALSE)) -> #N/A | AG24: =IF(ProjectCostForm[[#This Row],[GetBreakdown]]=FALSE, "Not Applicable", IF(AND(NOT(ISBLANK(ProjectCostForm[[#This Row],[Labor costs]])),NOT(ISBLANK(ProjectCostForm[[#This Row],[Travel costs]])),NOT(ISBLANK(ProjectCostForm[[#This Row],[Other nonlabor costs]])),NOT(ISBLANK(ProjectCostForm[[#This Row],[Description of Other nonlabor costs]]))),TRUE,FALSE)) -> #N/A | AH24: =IF(ProjectCostForm[[#This Row],[GetSupplyChain]]=FALSE, "Not Applicable", IF(NOT(ISBLANK(ProjectCostForm[[#This Row],[Supply Chain Level]])),TRUE,FALSE)) -> #N/A | AI24: =IF(ProjectCostForm[[#This Row],[GetRealty]]=FALSE, "Not Applicable", IF(NOT(ISBLANK(ProjectCostForm[[#This Row],[Type of real-estate purchase]])),TRUE,FALSE)) -> #N/A | AJ24: =IF(OR( AND(ProjectCostForm[[#This Row],[RowComplete_Basics]]=TRUE,ProjectCostForm[[#This Row],[GetNAICS]]=TRUE,ProjectCostForm[[#This Row],[RowComplete_NAICS]]=TRUE,ProjectCostForm[[#This Row],[GetSupplyChain]]=FALSE), AND(ProjectCostForm[[#This Row],[RowComplete_Basics]]=TRUE,ProjectCostForm[[#This Row],[GetNAICS]]=TRUE,ProjectCostForm[[#This Row],[RowComplete_NAICS]]=TRUE,ProjectCostForm[[#This Row],[GetSupplyChain]]=TRUE,ProjectCostForm[[#This Row],[RowComplete_SupplyChain]]=TRUE), AND(ProjectCostForm[[#This Row],[RowComplete_Basics]]=TRUE,ProjectCostForm[[#This Row],[GetBreakdown]]=TRUE,ProjectCostForm[[#This Row],[RowComplete_Breakdown]]=TRUE,ProjectCostForm[[#This Row],[BreakdownFlag]]=FALSE), AND(ProjectCostForm[[#This Row],[RowComplete_Basics]]=TRUE,ProjectCostForm[[#This Row],[GetSupplyChain]]=TRUE,ProjectCostForm[[#This Row],[RowComplete_SupplyChain]]=TRUE), AND(ProjectCostForm[[#This Row],[RowComplete_Basics]]=TRUE,ProjectCostForm[[#This Row],[GetRealty]]=TRUE,ProjectCostForm[[#This Row],[RowComplete_Realty]]=TRUE)),TRUE,FALSE) -> #N/A
A25: {=ROW()-ROW(ProjectCostForm[#Headers])} -> 3 | G25: =IF(ISBLANK(ProjectCostForm[[#This Row],[Activity Type]]), "", IF(OR(ProjectCostForm[[#This Row],[Activity]]= "Manage", ProjectCostForm[[#This Row],[Activity]]= "Plan",ProjectCostForm[[#This Row],[Activity]]= "Monitor",ProjectCostForm[[#This Row],[Activity]]= "Implement",ProjectCostForm[[#This Row],[Activity]]= "Realty_Service"),"Who is the implementing party for this activity? ➔", IF(ProjectCostForm[[#This Row],[Activity]]= "Materials", "Who is the vendor type for this material? ➔", IF(ProjectCostForm[[#This Row],[Activity]]="Realty_Buy","Who is the selling party for this property? ➔"," ")))) | I25: =IF(ISBLANK(ProjectCostForm[[#This Row],[Activity Type]]), "", IF(OR(ProjectCostForm[[#This Row],[Activity]]= "Manage", ProjectCostForm[[#This Row],[Activity]]= "Plan",ProjectCostForm[[#This Row],[Activity]]= "Monitor"),"State and county where expenditures were primarily made ➔", IF(OR(ProjectCostForm[[#This Row],[Activity]]= "Implement"),"State and county where implementation occurred ➔", IF(ProjectCostForm[[#This Row],[Activity]]= "Materials", "State and county where purchase was made ➔", IF(ProjectCostForm[[#This Row],[Activity]]="Realty_Buy","State and county where property is located ➔", IF(ProjectCostForm[[#This Row],[Activity]]="Realty_Service","State and county where implementing party is located ➔"," ")))))) | L25: =IF(OR(ISBLANK(ProjectCostForm[[#This Row],[Activity Type]]), ISBLANK(ProjectCostForm[[#This Row],[Implementing Party/ Vendor Type/ Selling Party]])), "", IF(ProjectCostForm[[#This Row],[GetBreakdown]]=TRUE,"Breakdown activity costs into labor,travel, and other non-labor expenditures ➔", IF(AND(ProjectCostForm[[#This Row],[GetNAICS]]=TRUE,ProjectCostForm[[#This Row],[Activity]]<>"Materials",ProjectCostForm[[#This Row],[Activity]]<>"Realty_Buy"),"List the primary NAICS code describing the service or activity ➔", IF(ProjectCostForm[[#This Row],[Activity]]="Materials","List the primary NAICS code describing the material purchased and select the supply chain level of the purchase ➔", IF(ProjectCostForm[[#This Row],[Activity]]="Realty_Buy","Select the type of realestate purchase ➔", ""))))) | U25: =IF(OR(ProjectCostForm[[#This Row],[ActiveRow]]=FALSE, ISERROR(ProjectCostForm[[#This Row],[BreakdownFlag]])),"", IF(ProjectCostForm[[#This Row],[BreakdownFlag]]=TRUE, "Labor, travel, and nonlabor costs must sum to total activity cost for this row (total activity cost = $" & ProjectCostForm[[#This Row],[Activity Cost]] & "). Your current sum is $" & SUM($Q25:$S25) &".", "")) | V25: =OR(NOT(ISBLANK(ProjectCostForm[[#This Row],[Activity Name]])), NOT(ISBLANK(ProjectCostForm[[#This Row],[Activity Type]])), NOT(ISBLANK(ProjectCostForm[[#This Row],[Activity Cost]]))) -> FALSE | W25: =VLOOKUP('Cost Entry Form'!$C25,tbl_ActivityList[],2,FALSE) -> #N/A | X25: =IF(OR(ProjectCostForm[[#This Row],[Activity]]="Manage",ProjectCostForm[[#This Row],[Activity]]="Plan",ProjectCostForm[[#This Row],[Activity]]="Monitor"),TRUE, FALSE) -> #N/A | Y25: =VLOOKUP('Cost Entry Form'!$H25,tbl_party[],2,FALSE) -> #N/A | Z25: =IF(AND(ProjectCostForm[[#This Row],[Manage_Plan_Monitor]]=TRUE,ProjectCostForm[[#This Row],[Party]]<>"P"),FALSE, IF(ProjectCostForm[[#This Row],[Activity]]="Realty_Buy", FALSE, TRUE)) -> #N/A | AA25: =IF(AND(ProjectCostForm[[#This Row],[GetNAICS]]=FALSE,ProjectCostForm[[#This Row],[Manage_Plan_Monitor]]=TRUE),TRUE, FALSE) -> #N/A | AB25: =IF(AND( ProjectCostForm[[#This Row],[GetBreakdown]]=TRUE, SUM(ProjectCostForm[[#This Row],[Labor costs]:[Other nonlabor costs]])<>ProjectCostForm[[#This Row],[Activity Cost]]), TRUE, FALSE) -> #N/A | AC25: =IF(ProjectCostForm[[#This Row],[Activity]]="Materials", TRUE, FALSE) -> #N/A | AD25: =IF(ProjectCostForm[[#This Row],[Activity]]="Realty_Buy", TRUE, FALSE) -> #N/A | AE25: =IF(AND( NOT(ISBLANK(ProjectCostForm[[#This Row],[Activity Name]])), NOT(ISBLANK(ProjectCostForm[[#This Row],[Start Date (m/d/yyyy)]])), NOT(ISBLANK(ProjectCostForm[[#This Row],[Completion Date (m/d/yyyy)]])), NOT(ISBLANK(ProjectCostForm[[#This Row],[Activity Type]])), NOT(ISBLANK(ProjectCostForm[[#This Row],[Activity Cost]])), NOT(ISBLANK(ProjectCostForm[[#This Row],[Implementing Party/ Vendor Type/ Selling Party]])), NOT(ISBLANK(ProjectCostForm[[#This Row],[State]])), NOT(ISBLANK(ProjectCostForm[[#This Row],[County (or County Equivalent)]]))), TRUE,FALSE) -> FALSE | AF25: =IF(ProjectCostForm[[#This Row],[GetNAICS]]=FALSE, "Not Applicable", IF(NOT(ISBLANK(ProjectCostForm[[#This Row],[NAICS Code/Description]])),TRUE,FALSE)) -> #N/A | AG25: =IF(ProjectCostForm[[#This Row],[GetBreakdown]]=FALSE, "Not Applicable", IF(AND(NOT(ISBLANK(ProjectCostForm[[#This Row],[Labor costs]])),NOT(ISBLANK(ProjectCostForm[[#This Row],[Travel costs]])),NOT(ISBLANK(ProjectCostForm[[#This Row],[Other nonlabor costs]])),NOT(ISBLANK(ProjectCostForm[[#This Row],[Description of Other nonlabor costs]]))),TRUE,FALSE)) -> #N/A | AH25: =IF(ProjectCostForm[[#This Row],[GetSupplyChain]]=FALSE, "Not Applicable", IF(NOT(ISBLANK(ProjectCostForm[[#This Row],[Supply Chain Level]])),TRUE,FALSE)) -> #N/A | AI25: =IF(ProjectCostForm[[#This Row],[GetRealty]]=FALSE, "Not Applicable", IF(NOT(ISBLANK(ProjectCostForm[[#This Row],[Type of real-estate purchase]])),TRUE,FALSE)) -> #N/A | AJ25: =IF(OR( AND(ProjectCostForm[[#This Row],[RowComplete_Basics]]=TRUE,ProjectCostForm[[#This Row],[GetNAICS]]=TRUE,ProjectCostForm[[#This Row],[RowComplete_NAICS]]=TRUE,ProjectCostForm[[#This Row],[GetSupplyChain]]=FALSE), AND(ProjectCostForm[[#This Row],[RowComplete_Basics]]=TRUE,ProjectCostForm[[#This Row],[GetNAICS]]=TRUE,ProjectCostForm[[#This Row],[RowComplete_NAICS]]=TRUE,ProjectCostForm[[#This Row],[GetSupplyChain]]=TRUE,ProjectCostForm[[#This Row],[RowComplete_SupplyChain]]=TRUE), AND(ProjectCostForm[[#This Row],[RowComplete_Basics]]=TRUE,ProjectCostForm[[#This Row],[GetBreakdown]]=TRUE,ProjectCostForm[[#This Row],[RowComplete_Breakdown]]=TRUE,ProjectCostForm[[#This Row],[BreakdownFlag]]=FALSE), AND(ProjectCostForm[[#This Row],[RowComplete_Basics]]=TRUE,ProjectCostForm[[#This Row],[GetSupplyChain]]=TRUE,ProjectCostForm[[#This Row],[RowComplete_SupplyChain]]=TRUE), AND(ProjectCostForm[[#This Row],[RowComplete_Basics]]=TRUE,ProjectCostForm[[#This Row],[GetRealty]]=TRUE,ProjectCostForm[[#This Row],[RowComplete_Realty]]=TRUE)),TRUE,FALSE) -> #N/A
A26: {=ROW()-ROW(ProjectCostForm[#Headers])} -> 4 | G26: =IF(ISBLANK(ProjectCostForm[[#This Row],[Activity Type]]), "", IF(OR(ProjectCostForm[[#This Row],[Activity]]= "Manage", ProjectCostForm[[#This Row],[Activity]]= "Plan",ProjectCostForm[[#This Row],[Activity]]= "Monitor",ProjectCostForm[[#This Row],[Activity]]= "Implement",ProjectCostForm[[#This Row],[Activity]]= "Realty_Service"),"Who is the implementing party for this activity? ➔", IF(ProjectCostForm[[#This Row],[Activity]]= "Materials", "Who is the vendor type for this material? ➔", IF(ProjectCostForm[[#This Row],[Activity]]="Realty_Buy","Who is the selling party for this property? ➔"," ")))) | I26: =IF(ISBLANK(ProjectCostForm[[#This Row],[Activity Type]]), "", IF(OR(ProjectCostForm[[#This Row],[Activity]]= "Manage", ProjectCostForm[[#This Row],[Activity]]= "Plan",ProjectCostForm[[#This Row],[Activity]]= "Monitor"),"State and county where expenditures were primarily made ➔", IF(OR(ProjectCostForm[[#This Row],[Activity]]= "Implement"),"State and county where implementation occurred ➔", IF(ProjectCostForm[[#This Row],[Activity]]= "Materials", "State and county where purchase was made ➔", IF(ProjectCostForm[[#This Row],[Activity]]="Realty_Buy","State and county where property is located ➔", IF(ProjectCostForm[[#This Row],[Activity]]="Realty_Service","State and county where implementing party is located ➔"," ")))))) | L26: =IF(OR(ISBLANK(ProjectCostForm[[#This Row],[Activity Type]]), ISBLANK(ProjectCostForm[[#This Row],[Implementing Party/ Vendor Type/ Selling Party]])), "", IF(ProjectCostForm[[#This Row],[GetBreakdown]]=TRUE,"Breakdown activity costs into labor,travel, and other non-labor expenditures ➔", IF(AND(ProjectCostForm[[#This Row],[GetNAICS]]=TRUE,ProjectCostForm[[#This Row],[Activity]]<>"Materials",ProjectCostForm[[#This Row],[Activity]]<>"Realty_Buy"),"List the primary NAICS code describing the service or activity ➔", IF(ProjectCostForm[[#This Row],[Activity]]="Materials","List the primary NAICS code describing the material purchased and select the supply chain level of the purchase ➔", IF(ProjectCostForm[[#This Row],[Activity]]="Realty_Buy","Select the type of realestate purchase ➔", ""))))) | U26: =IF(OR(ProjectCostForm[[#This Row],[ActiveRow]]=FALSE, ISERROR(ProjectCostForm[[#This Row],[BreakdownFlag]])),"", IF(ProjectCostForm[[#This Row],[BreakdownFlag]]=TRUE, "Labor, travel, and nonlabor costs must sum to total activity cost for this row (total activity cost = $" & ProjectCostForm[[#This Row],[Activity Cost]] & "). Your current sum is $" & SUM($Q26:$S26) &".", "")) | V26: =OR(NOT(ISBLANK(ProjectCostForm[[#This Row],[Activity Name]])), NOT(ISBLANK(ProjectCostForm[[#This Row],[Activity Type]])), NOT(ISBLANK(ProjectCostForm[[#This Row],[Activity Cost]]))) -> FALSE | W26: =VLOOKUP('Cost Entry Form'!$C26,tbl_ActivityList[],2,FALSE) -> #N/A | X26: =IF(OR(ProjectCostForm[[#This Row],[Activity]]="Manage",ProjectCostForm[[#This Row],[Activity]]="Plan",ProjectCostForm[[#This Row],[Activity]]="Monitor"),TRUE, FALSE) -> #N/A | Y26: =VLOOKUP('Cost Entry Form'!$H26,tbl_party[],2,FALSE) -> #N/A | Z26: =IF(AND(ProjectCostForm[[#This Row],[Manage_Plan_Monitor]]=TRUE,ProjectCostForm[[#This Row],[Party]]<>"P"),FALSE, IF(ProjectCostForm[[#This Row],[Activity]]="Realty_Buy", FALSE, TRUE)) -> #N/A | AA26: =IF(AND(ProjectCostForm[[#This Row],[GetNAICS]]=FALSE,ProjectCostForm[[#This Row],[Manage_Plan_Monitor]]=TRUE),TRUE, FALSE) -> #N/A | AB26: =IF(AND( ProjectCostForm[[#This Row],[GetBreakdown]]=TRUE, SUM(ProjectCostForm[[#This Row],[Labor costs]:[Other nonlabor costs]])<>ProjectCostForm[[#This Row],[Activity Cost]]), TRUE, FALSE) -> #N/A | AC26: =IF(ProjectCostForm[[#This Row],[Activity]]="Materials", TRUE, FALSE) -> #N/A | AD26: =IF(ProjectCostForm[[#This Row],[Activity]]="Realty_Buy", TRUE, FALSE) -> #N/A | AE26: =IF(AND( NOT(ISBLANK(ProjectCostForm[[#This Row],[Activity Name]])), NOT(ISBLANK(ProjectCostForm[[#This Row],[Start Date (m/d/yyyy)]])), NOT(ISBLANK(ProjectCostForm[[#This Row],[Completion Date (m/d/yyyy)]])), NOT(ISBLANK(ProjectCostForm[[#This Row],[Activity Type]])), NOT(ISBLANK(ProjectCostForm[[#This Row],[Activity Cost]])), NOT(ISBLANK(ProjectCostForm[[#This Row],[Implementing Party/ Vendor Type/ Selling Party]])), NOT(ISBLANK(ProjectCostForm[[#This Row],[State]])), NOT(ISBLANK(ProjectCostForm[[#This Row],[County (or County Equivalent)]]))), TRUE,FALSE) -> FALSE | AF26: =IF(ProjectCostForm[[#This Row],[GetNAICS]]=FALSE, "Not Applicable", IF(NOT(ISBLANK(ProjectCostForm[[#This Row],[NAICS Code/Description]])),TRUE,FALSE)) -> #N/A | AG26: =IF(ProjectCostForm[[#This Row],[GetBreakdown]]=FALSE, "Not Applicable", IF(AND(NOT(ISBLANK(ProjectCostForm[[#This Row],[Labor costs]])),NOT(ISBLANK(ProjectCostForm[[#This Row],[Travel costs]])),NOT(ISBLANK(ProjectCostForm[[#This Row],[Other nonlabor costs]])),NOT(ISBLANK(ProjectCostForm[[#This Row],[Description of Other nonlabor costs]]))),TRUE,FALSE)) -> #N/A | AH26: =IF(ProjectCostForm[[#This Row],[GetSupplyChain]]=FALSE, "Not Applicable", IF(NOT(ISBLANK(ProjectCostForm[[#This Row],[Supply Chain Level]])),TRUE,FALSE)) -> #N/A | AI26: =IF(ProjectCostForm[[#This Row],[GetRealty]]=FALSE, "Not Applicable", IF(NOT(ISBLANK(ProjectCostForm[[#This Row],[Type of real-estate purchase]])),TRUE,FALSE)) -> #N/A | AJ26: =IF(OR( AND(ProjectCostForm[[#This Row],[RowComplete_Basics]]=TRUE,ProjectCostForm[[#This Row],[GetNAICS]]=TRUE,ProjectCostForm[[#This Row],[RowComplete_NAICS]]=TRUE,ProjectCostForm[[#This Row],[GetSupplyChain]]=FALSE), AND(ProjectCostForm[[#This Row],[RowComplete_Basics]]=TRUE,ProjectCostForm[[#This Row],[GetNAICS]]=TRUE,ProjectCostForm[[#This Row],[RowComplete_NAICS]]=TRUE,ProjectCostForm[[#This Row],[GetSupplyChain]]=TRUE,ProjectCostForm[[#This Row],[RowComplete_SupplyChain]]=TRUE), AND(ProjectCostForm[[#This Row],[RowComplete_Basics]]=TRUE,ProjectCostForm[[#This Row],[GetBreakdown]]=TRUE,ProjectCostForm[[#This Row],[RowComplete_Breakdown]]=TRUE,ProjectCostForm[[#This Row],[BreakdownFlag]]=FALSE), AND(ProjectCostForm[[#This Row],[RowComplete_Basics]]=TRUE,ProjectCostForm[[#This Row],[GetSupplyChain]]=TRUE,ProjectCostForm[[#This Row],[RowComplete_SupplyChain]]=TRUE), AND(ProjectCostForm[[#This Row],[RowComplete_Basics]]=TRUE,ProjectCostForm[[#This Row],[GetRealty]]=TRUE,ProjectCostForm[[#This Row],[RowComplete_Realty]]=TRUE)),TRUE,FALSE) -> #N/A
A27: {=ROW()-ROW(ProjectCostForm[#Headers])} -> 5 | G27: =IF(ISBLANK(ProjectCostForm[[#This Row],[Activity Type]]), "", IF(OR(ProjectCostForm[[#This Row],[Activity]]= "Manage", ProjectCostForm[[#This Row],[Activity]]= "Plan",ProjectCostForm[[#This Row],[Activity]]= "Monitor",ProjectCostForm[[#This Row],[Activity]]= "Implement",ProjectCostForm[[#This Row],[Activity]]= "Realty_Service"),"Who is the implementing party for this activity? ➔", IF(ProjectCostForm[[#This Row],[Activity]]= "Materials", "Who is the vendor type for this material? ➔", IF(ProjectCostForm[[#This Row],[Activity]]="Realty_Buy","Who is the selling party for this property? ➔"," ")))) | I27: =IF(ISBLANK(ProjectCostForm[[#This Row],[Activity Type]]), "", IF(OR(ProjectCostForm[[#This Row],[Activity]]= "Manage", ProjectCostForm[[#This Row],[Activity]]= "Plan",ProjectCostForm[[#This Row],[Activity]]= "Monitor"),"State and county where expenditures were primarily made ➔", IF(OR(ProjectCostForm[[#This Row],[Activity]]= "Implement"),"State and county where implementation occurred ➔", IF(ProjectCostForm[[#This Row],[Activity]]= "Materials", "State and county where purchase was made ➔", IF(ProjectCostForm[[#This Row],[Activity]]="Realty_Buy","State and county where property is located ➔", IF(ProjectCostForm[[#This Row],[Activity]]="Realty_Service","State and county where implementing party is located ➔"," ")))))) | L27: =IF(OR(ISBLANK(ProjectCostForm[[#This Row],[Activity Type]]), ISBLANK(ProjectCostForm[[#This Row],[Implementing Party/ Vendor Type/ Selling Party]])), "", IF(ProjectCostForm[[#This Row],[GetBreakdown]]=TRUE,"Breakdown activity costs into labor,travel, and other non-labor expenditures ➔", IF(AND(ProjectCostForm[[#This Row],[GetNAICS]]=TRUE,ProjectCostForm[[#This Row],[Activity]]<>"Materials",ProjectCostForm[[#This Row],[Activity]]<>"Realty_Buy"),"List the primary NAICS code describing the service or activity ➔", IF(ProjectCostForm[[#This Row],[Activity]]="Materials","List the primary NAICS code describing the material purchased and select the supply chain level of the purchase ➔", IF(ProjectCostForm[[#This Row],[Activity]]="Realty_Buy","Select the type of realestate purchase ➔", ""))))) | U27: =IF(OR(ProjectCostForm[[#This Row],[ActiveRow]]=FALSE, ISERROR(ProjectCostForm[[#This Row],[BreakdownFlag]])),"", IF(ProjectCostForm[[#This Row],[BreakdownFlag]]=TRUE, "Labor, travel, and nonlabor costs must sum to total activity cost for this row (total activity cost = $" & ProjectCostForm[[#This Row],[Activity Cost]] & "). Your current sum is $" & SUM($Q27:$S27) &".", "")) | V27: =OR(NOT(ISBLANK(ProjectCostForm[[#This Row],[Activity Name]])), NOT(ISBLANK(ProjectCostForm[[#This Row],[Activity Type]])), NOT(ISBLANK(ProjectCostForm[[#This Row],[Activity Cost]]))) -> FALSE | W27: =VLOOKUP('Cost Entry Form'!$C27,tbl_ActivityList[],2,FALSE) -> #N/A | X27: =IF(OR(ProjectCostForm[[#This Row],[Activity]]="Manage",ProjectCostForm[[#This Row],[Activity]]="Plan",ProjectCostForm[[#This Row],[Activity]]="Monitor"),TRUE, FALSE) -> #N/A | Y27: =VLOOKUP('Cost Entry Form'!$H27,tbl_party[],2,FALSE) -> #N/A | Z27: =IF(AND(ProjectCostForm[[#This Row],[Manage_Plan_Monitor]]=TRUE,ProjectCostForm[[#This Row],[Party]]<>"P"),FALSE, IF(ProjectCostForm[[#This Row],[Activity]]="Realty_Buy", FALSE, TRUE)) -> #N/A | AA27: =IF(AND(ProjectCostForm[[#This Row],[GetNAICS]]=FALSE,ProjectCostForm[[#This Row],[Manage_Plan_Monitor]]=TRUE),TRUE, FALSE) -> #N/A | AB27: =IF(AND( ProjectCostForm[[#This Row],[GetBreakdown]]=TRUE, SUM(ProjectCostForm[[#This Row],[Labor costs]:[Other nonlabor costs]])<>ProjectCostForm[[#This Row],[Activity Cost]]), TRUE, FALSE) -> #N/A | AC27: =IF(ProjectCostForm[[#This Row],[Activity]]="Materials", TRUE, FALSE) -> #N/A | AD27: =IF(ProjectCostForm[[#This Row],[Activity]]="Realty_Buy", TRUE, FALSE) -> #N/A | AE27: =IF(AND( NOT(ISBLANK(ProjectCostForm[[#This Row],[Activity Name]])), NOT(ISBLANK(ProjectCostForm[[#This Row],[Start Date (m/d/yyyy)]])), NOT(ISBLANK(ProjectCostForm[[#This Row],[Completion Date (m/d/yyyy)]])), NOT(ISBLANK(ProjectCostForm[[#This Row],[Activity Type]])), NOT(ISBLANK(ProjectCostForm[[#This Row],[Activity Cost]])), NOT(ISBLANK(ProjectCostForm[[#This Row],[Implementing Party/ Vendor Type/ Selling Party]])), NOT(ISBLANK(ProjectCostForm[[#This Row],[State]])), NOT(ISBLANK(ProjectCostForm[[#This Row],[County (or County Equivalent)]]))), TRUE,FALSE) -> FALSE | AF27: =IF(ProjectCostForm[[#This Row],[GetNAICS]]=FALSE, "Not Applicable", IF(NOT(ISBLANK(ProjectCostForm[[#This Row],[NAICS Code/Description]])),TRUE,FALSE)) -> #N/A | AG27: =IF(ProjectCostForm[[#This Row],[GetBreakdown]]=FALSE, "Not Applicable", IF(AND(NOT(ISBLANK(ProjectCostForm[[#This Row],[Labor costs]])),NOT(ISBLANK(ProjectCostForm[[#This Row],[Travel costs]])),NOT(ISBLANK(ProjectCostForm[[#This Row],[Other nonlabor costs]])),NOT(ISBLANK(ProjectCostForm[[#This Row],[Description of Other nonlabor costs]]))),TRUE,FALSE)) -> #N/A | AH27: =IF(ProjectCostForm[[#This Row],[GetSupplyChain]]=FALSE, "Not Applicable", IF(NOT(ISBLANK(ProjectCostForm[[#This Row],[Supply Chain Level]])),TRUE,FALSE)) -> #N/A | AI27: =IF(ProjectCostForm[[#This Row],[GetRealty]]=FALSE, "Not Applicable", IF(NOT(ISBLANK(ProjectCostForm[[#This Row],[Type of real-estate purchase]])),TRUE,FALSE)) -> #N/A | AJ27: =IF(OR( AND(ProjectCostForm[[#This Row],[RowComplete_Basics]]=TRUE,ProjectCostForm[[#This Row],[GetNAICS]]=TRUE,ProjectCostForm[[#This Row],[RowComplete_NAICS]]=TRUE,ProjectCostForm[[#This Row],[GetSupplyChain]]=FALSE), AND(ProjectCostForm[[#This Row],[RowComplete_Basics]]=TRUE,ProjectCostForm[[#This Row],[GetNAICS]]=TRUE,ProjectCostForm[[#This Row],[RowComplete_NAICS]]=TRUE,ProjectCostForm[[#This Row],[GetSupplyChain]]=TRUE,ProjectCostForm[[#This Row],[RowComplete_SupplyChain]]=TRUE), AND(ProjectCostForm[[#This Row],[RowComplete_Basics]]=TRUE,ProjectCostForm[[#This Row],[GetBreakdown]]=TRUE,ProjectCostForm[[#This Row],[RowComplete_Breakdown]]=TRUE,ProjectCostForm[[#This Row],[BreakdownFlag]]=FALSE), AND(ProjectCostForm[[#This Row],[RowComplete_Basics]]=TRUE,ProjectCostForm[[#This Row],[GetSupplyChain]]=TRUE,ProjectCostForm[[#This Row],[RowComplete_SupplyChain]]=TRUE), AND(ProjectCostForm[[#This Row],[RowComplete_Basics]]=TRUE,ProjectCostForm[[#This Row],[GetRealty]]=TRUE,ProjectCostForm[[#This Row],[RowComplete_Realty]]=TRUE)),TRUE,FALSE) -> #N/A
A28: {=ROW()-ROW(ProjectCostForm[#Headers])} -> 6 | G28: =IF(ISBLANK(ProjectCostForm[[#This Row],[Activity Type]]), "", IF(OR(ProjectCostForm[[#This Row],[Activity]]= "Manage", ProjectCostForm[[#This Row],[Activity]]= "Plan",ProjectCostForm[[#This Row],[Activity]]= "Monitor",ProjectCostForm[[#This Row],[Activity]]= "Implement",ProjectCostForm[[#This Row],[Activity]]= "Realty_Service"),"Who is the implementing party for this activity? ➔", IF(ProjectCostForm[[#This Row],[Activity]]= "Materials", "Who is the vendor type for this material? ➔", IF(ProjectCostForm[[#This Row],[Activity]]="Realty_Buy","Who is the selling party for this property? ➔"," ")))) | I28: =IF(ISBLANK(ProjectCostForm[[#This Row],[Activity Type]]), "", IF(OR(ProjectCostForm[[#This Row],[Activity]]= "Manage", ProjectCostForm[[#This Row],[Activity]]= "Plan",ProjectCostForm[[#This Row],[Activity]]= "Monitor"),"State and county where expenditures were primarily made ➔", IF(OR(ProjectCostForm[[#This Row],[Activity]]= "Implement"),"State and county where implementation occurred ➔", IF(ProjectCostForm[[#This Row],[Activity]]= "Materials", "State and county where purchase was made ➔", IF(ProjectCostForm[[#This Row],[Activity]]="Realty_Buy","State and county where property is located ➔", IF(ProjectCostForm[[#This Row],[Activity]]="Realty_Service","State and county where implementing party is located ➔"," ")))))) | L28: =IF(OR(ISBLANK(ProjectCostForm[[#This Row],[Activity Type]]), ISBLANK(ProjectCostForm[[#This Row],[Implementing Party/ Vendor Type/ Selling Party]])), "", IF(ProjectCostForm[[#This Row],[GetBreakdown]]=TRUE,"Breakdown activity costs into labor,travel, and other non-labor expenditures ➔", IF(AND(ProjectCostForm[[#This Row],[GetNAICS]]=TRUE,ProjectCostForm[[#This Row],[Activity]]<>"Materials",ProjectCostForm[[#This Row],[Activity]]<>"Realty_Buy"),"List the primary NAICS code describing the service or activity ➔", IF(ProjectCostForm[[#This Row],[Activity]]="Materials","List the primary NAICS code describing the material purchased and select the supply chain level of the purchase ➔", IF(ProjectCostForm[[#This Row],[Activity]]="Realty_Buy","Select the type of realestate purchase ➔", ""))))) | U28: =IF(OR(ProjectCostForm[[#This Row],[ActiveRow]]=FALSE, ISERROR(ProjectCostForm[[#This Row],[BreakdownFlag]])),"", IF(ProjectCostForm[[#This Row],[BreakdownFlag]]=TRUE, "Labor, travel, and nonlabor costs must sum to total activity cost for this row (total activity cost = $" & ProjectCostForm[[#This Row],[Activity Cost]] & "). Your current sum is $" & SUM($Q28:$S28) &".", "")) | V28: =OR(NOT(ISBLANK(ProjectCostForm[[#This Row],[Activity Name]])), NOT(ISBLANK(ProjectCostForm[[#This Row],[Activity Type]])), NOT(ISBLANK(ProjectCostForm[[#This Row],[Activity Cost]]))) -> FALSE | W28: =VLOOKUP('Cost Entry Form'!$C28,tbl_ActivityList[],2,FALSE) -> #N/A | X28: =IF(OR(ProjectCostForm[[#This Row],[Activity]]="Manage",ProjectCostForm[[#This Row],[Activity]]="Plan",ProjectCostForm[[#This Row],[Activity]]="Monitor"),TRUE, FALSE) -> #N/A | Y28: =VLOOKUP('Cost Entry Form'!$H28,tbl_party[],2,FALSE) -> #N/A | Z28: =IF(AND(ProjectCostForm[[#This Row],[Manage_Plan_Monitor]]=TRUE,ProjectCostForm[[#This Row],[Party]]<>"P"),FALSE, IF(ProjectCostForm[[#This Row],[Activity]]="Realty_Buy", FALSE, TRUE)) -> #N/A | AA28: =IF(AND(ProjectCostForm[[#This Row],[GetNAICS]]=FALSE,ProjectCostForm[[#This Row],[Manage_Plan_Monitor]]=TRUE),TRUE, FALSE) -> #N/A | AB28: =IF(AND( ProjectCostForm[[#This Row],[GetBreakdown]]=TRUE, SUM(ProjectCostForm[[#This Row],[Labor costs]:[Other nonlabor costs]])<>ProjectCostForm[[#This Row],[Activity Cost]]), TRUE, FALSE) -> #N/A | AC28: =IF(ProjectCostForm[[#This Row],[Activity]]="Materials", TRUE, FALSE) -> #N/A | AD28: =IF(ProjectCostForm[[#This Row],[Activity]]="Realty_Buy", TRUE, FALSE) -> #N/A | AE28: =IF(AND( NOT(ISBLANK(ProjectCostForm[[#This Row],[Activity Name]])), NOT(ISBLANK(ProjectCostForm[[#This Row],[Start Date (m/d/yyyy)]])), NOT(ISBLANK(ProjectCostForm[[#This Row],[Completion Date (m/d/yyyy)]])), NOT(ISBLANK(ProjectCostForm[[#This Row],[Activity Type]])), NOT(ISBLANK(ProjectCostForm[[#This Row],[Activity Cost]])), NOT(ISBLANK(ProjectCostForm[[#This Row],[Implementing Party/ Vendor Type/ Selling Party]])), NOT(ISBLANK(ProjectCostForm[[#This Row],[State]])), NOT(ISBLANK(ProjectCostForm[[#This Row],[County (or County Equivalent)]]))), TRUE,FALSE) -> FALSE | AF28: =IF(ProjectCostForm[[#This Row],[GetNAICS]]=FALSE, "Not Applicable", IF(NOT(ISBLANK(ProjectCostForm[[#This Row],[NAICS Code/Description]])),TRUE,FALSE)) -> #N/A | AG28: =IF(ProjectCostForm[[#This Row],[GetBreakdown]]=FALSE, "Not Applicable", IF(AND(NOT(ISBLANK(ProjectCostForm[[#This Row],[Labor costs]])),NOT(ISBLANK(ProjectCostForm[[#This Row],[Travel costs]])),NOT(ISBLANK(ProjectCostForm[[#This Row],[Other nonlabor costs]])),NOT(ISBLANK(ProjectCostForm[[#This Row],[Description of Other nonlabor costs]]))),TRUE,FALSE)) -> #N/A | AH28: =IF(ProjectCostForm[[#This Row],[GetSupplyChain]]=FALSE, "Not Applicable", IF(NOT(ISBLANK(ProjectCostForm[[#This Row],[Supply Chain Level]])),TRUE,FALSE)) -> #N/A | AI28: =IF(ProjectCostForm[[#This Row],[GetRealty]]=FALSE, "Not Applicable", IF(NOT(ISBLANK(ProjectCostForm[[#This Row],[Type of real-estate purchase]])),TRUE,FALSE)) -> #N/A | AJ28: =IF(OR( AND(ProjectCostForm[[#This Row],[RowComplete_Basics]]=TRUE,ProjectCostForm[[#This Row],[GetNAICS]]=TRUE,ProjectCostForm[[#This Row],[RowComplete_NAICS]]=TRUE,ProjectCostForm[[#This Row],[GetSupplyChain]]=FALSE), AND(ProjectCostForm[[#This Row],[RowComplete_Basics]]=TRUE,ProjectCostForm[[#This Row],[GetNAICS]]=TRUE,ProjectCostForm[[#This Row],[RowComplete_NAICS]]=TRUE,ProjectCostForm[[#This Row],[GetSupplyChain]]=TRUE,ProjectCostForm[[#This Row],[RowComplete_SupplyChain]]=TRUE), AND(ProjectCostForm[[#This Row],[RowComplete_Basics]]=TRUE,ProjectCostForm[[#This Row],[GetBreakdown]]=TRUE,ProjectCostForm[[#This Row],[RowComplete_Breakdown]]=TRUE,ProjectCostForm[[#This Row],[BreakdownFlag]]=FALSE), AND(ProjectCostForm[[#This Row],[RowComplete_Basics]]=TRUE,ProjectCostForm[[#This Row],[GetSupplyChain]]=TRUE,ProjectCostForm[[#This Row],[RowComplete_SupplyChain]]=TRUE), AND(ProjectCostForm[[#This Row],[RowComplete_Basics]]=TRUE,ProjectCostForm[[#This Row],[GetRealty]]=TRUE,ProjectCostForm[[#This Row],[RowComplete_Realty]]=TRUE)),TRUE,FALSE) -> #N/A
A29: {=ROW()-ROW(ProjectCostForm[#Headers])} -> 7 | G29: =IF(ISBLANK(ProjectCostForm[[#This Row],[Activity Type]]), "", IF(OR(ProjectCostForm[[#This Row],[Activity]]= "Manage", ProjectCostForm[[#This Row],[Activity]]= "Plan",ProjectCostForm[[#This Row],[Activity]]= "Monitor",ProjectCostForm[[#This Row],[Activity]]= "Implement",ProjectCostForm[[#This Row],[Activity]]= "Realty_Service"),"Who is the implementing party for this activity? ➔", IF(ProjectCostForm[[#This Row],[Activity]]= "Materials", "Who is the vendor type for this material? ➔", IF(ProjectCostForm[[#This Row],[Activity]]="Realty_Buy","Who is the selling party for this property? ➔"," ")))) | I29: =IF(ISBLANK(ProjectCostForm[[#This Row],[Activity Type]]), "", IF(OR(ProjectCostForm[[#This Row],[Activity]]= "Manage", ProjectCostForm[[#This Row],[Activity]]= "Plan",ProjectCostForm[[#This Row],[Activity]]= "Monitor"),"State and county where expenditures were primarily made ➔", IF(OR(ProjectCostForm[[#This Row],[Activity]]= "Implement"),"State and county where implementation occurred ➔", IF(ProjectCostForm[[#This Row],[Activity]]= "Materials", "State and county where purchase was made ➔", IF(ProjectCostForm[[#This Row],[Activity]]="Realty_Buy","State and county where property is located ➔", IF(ProjectCostForm[[#This Row],[Activity]]="Realty_Service","State and county where implementing party is located ➔"," ")))))) | L29: =IF(OR(ISBLANK(ProjectCostForm[[#This Row],[Activity Type]]), ISBLANK(ProjectCostForm[[#This Row],[Implementing Party/ Vendor Type/ Selling Party]])), "", IF(ProjectCostForm[[#This Row],[GetBreakdown]]=TRUE,"Breakdown activity costs into labor,travel, and other non-labor expenditures ➔", IF(AND(ProjectCostForm[[#This Row],[GetNAICS]]=TRUE,ProjectCostForm[[#This Row],[Activity]]<>"Materials",ProjectCostForm[[#This Row],[Activity]]<>"Realty_Buy"),"List the primary NAICS code describing the service or activity ➔", IF(ProjectCostForm[[#This Row],[Activity]]="Materials","List the primary NAICS code describing the material purchased and select the supply chain level of the purchase ➔", IF(ProjectCostForm[[#This Row],[Activity]]="Realty_Buy","Select the type of realestate purchase ➔", ""))))) | U29: =IF(OR(ProjectCostForm[[#This Row],[ActiveRow]]=FALSE, ISERROR(ProjectCostForm[[#This Row],[BreakdownFlag]])),"", IF(ProjectCostForm[[#This Row],[BreakdownFlag]]=TRUE, "Labor, travel, and nonlabor costs must sum to total activity cost for this row (total activity cost = $" & ProjectCostForm[[#This Row],[Activity Cost]] & "). Your current sum is $" & SUM($Q29:$S29) &".", "")) | V29: =OR(NOT(ISBLANK(ProjectCostForm[[#This Row],[Activity Name]])), NOT(ISBLANK(ProjectCostForm[[#This Row],[Activity Type]])), NOT(ISBLANK(ProjectCostForm[[#This Row],[Activity Cost]]))) -> FALSE | W29: =VLOOKUP('Cost Entry Form'!$C29,tbl_ActivityList[],2,FALSE) -> #N/A | X29: =IF(OR(ProjectCostForm[[#This Row],[Activity]]="Manage",ProjectCostForm[[#This Row],[Activity]]="Plan",ProjectCostForm[[#This Row],[Activity]]="Monitor"),TRUE, FALSE) -> #N/A | Y29: =VLOOKUP('Cost Entry Form'!$H29,tbl_party[],2,FALSE) -> #N/A | Z29: =IF(AND(ProjectCostForm[[#This Row],[Manage_Plan_Monitor]]=TRUE,ProjectCostForm[[#This Row],[Party]]<>"P"),FALSE, IF(ProjectCostForm[[#This Row],[Activity]]="Realty_Buy", FALSE, TRUE)) -> #N/A | AA29: =IF(AND(ProjectCostForm[[#This Row],[GetNAICS]]=FALSE,ProjectCostForm[[#This Row],[Manage_Plan_Monitor]]=TRUE),TRUE, FALSE) -> #N/A | AB29: =IF(AND( ProjectCostForm[[#This Row],[GetBreakdown]]=TRUE, SUM(ProjectCostForm[[#This Row],[Labor costs]:[Other nonlabor costs]])<>ProjectCostForm[[#This Row],[Activity Cost]]), TRUE, FALSE) -> #N/A | AC29: =IF(ProjectCostForm[[#This Row],[Activity]]="Materials", TRUE, FALSE) -> #N/A | AD29: =IF(ProjectCostForm[[#This Row],[Activity]]="Realty_Buy", TRUE, FALSE) -> #N/A | AE29: =IF(AND( NOT(ISBLANK(ProjectCostForm[[#This Row],[Activity Name]])), NOT(ISBLANK(ProjectCostForm[[#This Row],[Start Date (m/d/yyyy)]])), NOT(ISBLANK(ProjectCostForm[[#This Row],[Completion Date (m/d/yyyy)]])), NOT(ISBLANK(ProjectCostForm[[#This Row],[Activity Type]])), NOT(ISBLANK(ProjectCostForm[[#This Row],[Activity Cost]])), NOT(ISBLANK(ProjectCostForm[[#This Row],[Implementing Party/ Vendor Type/ Selling Party]])), NOT(ISBLANK(ProjectCostForm[[#This Row],[State]])), NOT(ISBLANK(ProjectCostForm[[#This Row],[County (or County Equivalent)]]))), TRUE,FALSE) -> FALSE | AF29: =IF(ProjectCostForm[[#This Row],[GetNAICS]]=FALSE, "Not Applicable", IF(NOT(ISBLANK(ProjectCostForm[[#This Row],[NAICS Code/Description]])),TRUE,FALSE)) -> #N/A | AG29: =IF(ProjectCostForm[[#This Row],[GetBreakdown]]=FALSE, "Not Applicable", IF(AND(NOT(ISBLANK(ProjectCostForm[[#This Row],[Labor costs]])),NOT(ISBLANK(ProjectCostForm[[#This Row],[Travel costs]])),NOT(ISBLANK(ProjectCostForm[[#This Row],[Other nonlabor costs]])),NOT(ISBLANK(ProjectCostForm[[#This Row],[Description of Other nonlabor costs]]))),TRUE,FALSE)) -> #N/A | AH29: =IF(ProjectCostForm[[#This Row],[GetSupplyChain]]=FALSE, "Not Applicable", IF(NOT(ISBLANK(ProjectCostForm[[#This Row],[Supply Chain Level]])),TRUE,FALSE)) -> #N/A | AI29: =IF(ProjectCostForm[[#This Row],[GetRealty]]=FALSE, "Not Applicable", IF(NOT(ISBLANK(ProjectCostForm[[#This Row],[Type of real-estate purchase]])),TRUE,FALSE)) -> #N/A | AJ29: =IF(OR( AND(ProjectCostForm[[#This Row],[RowComplete_Basics]]=TRUE,ProjectCostForm[[#This Row],[GetNAICS]]=TRUE,ProjectCostForm[[#This Row],[RowComplete_NAICS]]=TRUE,ProjectCostForm[[#This Row],[GetSupplyChain]]=FALSE), AND(ProjectCostForm[[#This Row],[RowComplete_Basics]]=TRUE,ProjectCostForm[[#This Row],[GetNAICS]]=TRUE,ProjectCostForm[[#This Row],[RowComplete_NAICS]]=TRUE,ProjectCostForm[[#This Row],[GetSupplyChain]]=TRUE,ProjectCostForm[[#This Row],[RowComplete_SupplyChain]]=TRUE), AND(ProjectCostForm[[#This Row],[RowComplete_Basics]]=TRUE,ProjectCostForm[[#This Row],[GetBreakdown]]=TRUE,ProjectCostForm[[#This Row],[RowComplete_Breakdown]]=TRUE,ProjectCostForm[[#This Row],[BreakdownFlag]]=FALSE), AND(ProjectCostForm[[#This Row],[RowComplete_Basics]]=TRUE,ProjectCostForm[[#This Row],[GetSupplyChain]]=TRUE,ProjectCostForm[[#This Row],[RowComplete_SupplyChain]]=TRUE), AND(ProjectCostForm[[#This Row],[RowComplete_Basics]]=TRUE,ProjectCostForm[[#This Row],[GetRealty]]=TRUE,ProjectCostForm[[#This Row],[RowComplete_Realty]]=TRUE)),TRUE,FALSE) -> #N/A
A30: {=ROW()-ROW(ProjectCostForm[#Headers])} -> 8 | G30: =IF(ISBLANK(ProjectCostForm[[#This Row],[Activity Type]]), "", IF(OR(ProjectCostForm[[#This Row],[Activity]]= "Manage", ProjectCostForm[[#This Row],[Activity]]= "Plan",ProjectCostForm[[#This Row],[Activity]]= "Monitor",ProjectCostForm[[#This Row],[Activity]]= "Implement",ProjectCostForm[[#This Row],[Activity]]= "Realty_Service"),"Who is the implementing party for this activity? ➔", IF(ProjectCostForm[[#This Row],[Activity]]= "Materials", "Who is the vendor type for this material? ➔", IF(ProjectCostForm[[#This Row],[Activity]]="Realty_Buy","Who is the selling party for this property? ➔"," ")))) | I30: =IF(ISBLANK(ProjectCostForm[[#This Row],[Activity Type]]), "", IF(OR(ProjectCostForm[[#This Row],[Activity]]= "Manage", ProjectCostForm[[#This Row],[Activity]]= "Plan",ProjectCostForm[[#This Row],[Activity]]= "Monitor"),"State and county where expenditures were primarily made ➔", IF(OR(ProjectCostForm[[#This Row],[Activity]]= "Implement"),"State and county where implementation occurred ➔", IF(ProjectCostForm[[#This Row],[Activity]]= "Materials", "State and county where purchase was made ➔", IF(ProjectCostForm[[#This Row],[Activity]]="Realty_Buy","State and county where property is located ➔", IF(ProjectCostForm[[#This Row],[Activity]]="Realty_Service","State and county where implementing party is located ➔"," ")))))) | L30: =IF(OR(ISBLANK(ProjectCostForm[[#This Row],[Activity Type]]), ISBLANK(ProjectCostForm[[#This Row],[Implementing Party/ Vendor Type/ Selling Party]])), "", IF(ProjectCostForm[[#This Row],[GetBreakdown]]=TRUE,"Breakdown activity costs into labor,travel, and other non-labor expenditures ➔", IF(AND(ProjectCostForm[[#This Row],[GetNAICS]]=TRUE,ProjectCostForm[[#This Row],[Activity]]<>"Materials",ProjectCostForm[[#This Row],[Activity]]<>"Realty_Buy"),"List the primary NAICS code describing the service or activity ➔", IF(ProjectCostForm[[#This Row],[Activity]]="Materials","List the primary NAICS code describing the material purchased and select the supply chain level of the purchase ➔", IF(ProjectCostForm[[#This Row],[Activity]]="Realty_Buy","Select the type of realestate purchase ➔", ""))))) | U30: =IF(OR(ProjectCostForm[[#This Row],[ActiveRow]]=FALSE, ISERROR(ProjectCostForm[[#This Row],[BreakdownFlag]])),"", IF(ProjectCostForm[[#This Row],[BreakdownFlag]]=TRUE, "Labor, travel, and nonlabor costs must sum to total activity cost for this row (total activity cost = $" & ProjectCostForm[[#This Row],[Activity Cost]] & "). Your current sum is $" & SUM($Q30:$S30) &".", "")) | V30: =OR(NOT(ISBLANK(ProjectCostForm[[#This Row],[Activity Name]])), NOT(ISBLANK(ProjectCostForm[[#This Row],[Activity Type]])), NOT(ISBLANK(ProjectCostForm[[#This Row],[Activity Cost]]))) -> FALSE | W30: =VLOOKUP('Cost Entry Form'!$C30,tbl_ActivityList[],2,FALSE) -> #N/A | X30: =IF(OR(ProjectCostForm[[#This Row],[Activity]]="Manage",ProjectCostForm[[#This Row],[Activity]]="Plan",ProjectCostForm[[#This Row],[Activity]]="Monitor"),TRUE, FALSE) -> #N/A | Y30: =VLOOKUP('Cost Entry Form'!$H30,tbl_party[],2,FALSE) -> #N/A | Z30: =IF(AND(ProjectCostForm[[#This Row],[Manage_Plan_Monitor]]=TRUE,ProjectCostForm[[#This Row],[Party]]<>"P"),FALSE, IF(ProjectCostForm[[#This Row],[Activity]]="Realty_Buy", FALSE, TRUE)) -> #N/A | AA30: =IF(AND(ProjectCostForm[[#This Row],[GetNAICS]]=FALSE,ProjectCostForm[[#This Row],[Manage_Plan_Monitor]]=TRUE),TRUE, FALSE) -> #N/A | AB30: =IF(AND( ProjectCostForm[[#This Row],[GetBreakdown]]=TRUE, SUM(ProjectCostForm[[#This Row],[Labor costs]:[Other nonlabor costs]])<>ProjectCostForm[[#This Row],[Activity Cost]]), TRUE, FALSE) -> #N/A | AC30: =IF(ProjectCostForm[[#This Row],[Activity]]="Materials", TRUE, FALSE) -> #N/A | AD30: =IF(ProjectCostForm[[#This Row],[Activity]]="Realty_Buy", TRUE, FALSE) -> #N/A | AE30: =IF(AND( NOT(ISBLANK(ProjectCostForm[[#This Row],[Activity Name]])), NOT(ISBLANK(ProjectCostForm[[#This Row],[Start Date (m/d/yyyy)]])), NOT(ISBLANK(ProjectCostForm[[#This Row],[Completion Date (m/d/yyyy)]])), NOT(ISBLANK(ProjectCostForm[[#This Row],[Activity Type]])), NOT(ISBLANK(ProjectCostForm[[#This Row],[Activity Cost]])), NOT(ISBLANK(ProjectCostForm[[#This Row],[Implementing Party/ Vendor Type/ Selling Party]])), NOT(ISBLANK(ProjectCostForm[[#This Row],[State]])), NOT(ISBLANK(ProjectCostForm[[#This Row],[County (or County Equivalent)]]))), TRUE,FALSE) -> FALSE | AF30: =IF(ProjectCostForm[[#This Row],[GetNAICS]]=FALSE, "Not Applicable", IF(NOT(ISBLANK(ProjectCostForm[[#This Row],[NAICS Code/Description]])),TRUE,FALSE)) -> #N/A | AG30: =IF(ProjectCostForm[[#This Row],[GetBreakdown]]=FALSE, "Not Applicable", IF(AND(NOT(ISBLANK(ProjectCostForm[[#This Row],[Labor costs]])),NOT(ISBLANK(ProjectCostForm[[#This Row],[Travel costs]])),NOT(ISBLANK(ProjectCostForm[[#This Row],[Other nonlabor costs]])),NOT(ISBLANK(ProjectCostForm[[#This Row],[Description of Other nonlabor costs]]))),TRUE,FALSE)) -> #N/A | AH30: =IF(ProjectCostForm[[#This Row],[GetSupplyChain]]=FALSE, "Not Applicable", IF(NOT(ISBLANK(ProjectCostForm[[#This Row],[Supply Chain Level]])),TRUE,FALSE)) -> #N/A | AI30: =IF(ProjectCostForm[[#This Row],[GetRealty]]=FALSE, "Not Applicable", IF(NOT(ISBLANK(ProjectCostForm[[#This Row],[Type of real-estate purchase]])),TRUE,FALSE)) -> #N/A | AJ30: =IF(OR( AND(ProjectCostForm[[#This Row],[RowComplete_Basics]]=TRUE,ProjectCostForm[[#This Row],[GetNAICS]]=TRUE,ProjectCostForm[[#This Row],[RowComplete_NAICS]]=TRUE,ProjectCostForm[[#This Row],[GetSupplyChain]]=FALSE), AND(ProjectCostForm[[#This Row],[RowComplete_Basics]]=TRUE,ProjectCostForm[[#This Row],[GetNAICS]]=TRUE,ProjectCostForm[[#This Row],[RowComplete_NAICS]]=TRUE,ProjectCostForm[[#This Row],[GetSupplyChain]]=TRUE,ProjectCostForm[[#This Row],[RowComplete_SupplyChain]]=TRUE), AND(ProjectCostForm[[#This Row],[RowComplete_Basics]]=TRUE,ProjectCostForm[[#This Row],[GetBreakdown]]=TRUE,ProjectCostForm[[#This Row],[RowComplete_Breakdown]]=TRUE,ProjectCostForm[[#This Row],[BreakdownFlag]]=FALSE), AND(ProjectCostForm[[#This Row],[RowComplete_Basics]]=TRUE,ProjectCostForm[[#This Row],[GetSupplyChain]]=TRUE,ProjectCostForm[[#This Row],[RowComplete_SupplyChain]]=TRUE), AND(ProjectCostForm[[#This Row],[RowComplete_Basics]]=TRUE,ProjectCostForm[[#This Row],[GetRealty]]=TRUE,ProjectCostForm[[#This Row],[RowComplete_Realty]]=TRUE)),TRUE,FALSE) -> #N/A
A31: {=ROW()-ROW(ProjectCostForm[#Headers])} -> 9 | G31: =IF(ISBLANK(ProjectCostForm[[#This Row],[Activity Type]]), "", IF(OR(ProjectCostForm[[#This Row],[Activity]]= "Manage", ProjectCostForm[[#This Row],[Activity]]= "Plan",ProjectCostForm[[#This Row],[Activity]]= "Monitor",ProjectCostForm[[#This Row],[Activity]]= "Implement",ProjectCostForm[[#This Row],[Activity]]= "Realty_Service"),"Who is the implementing party for this activity? ➔", IF(ProjectCostForm[[#This Row],[Activity]]= "Materials", "Who is the vendor type for this material? ➔", IF(ProjectCostForm[[#This Row],[Activity]]="Realty_Buy","Who is the selling party for this property? ➔"," ")))) | I31: =IF(ISBLANK(ProjectCostForm[[#This Row],[Activity Type]]), "", IF(OR(ProjectCostForm[[#This Row],[Activity]]= "Manage", ProjectCostForm[[#This Row],[Activity]]= "Plan",ProjectCostForm[[#This Row],[Activity]]= "Monitor"),"State and county where expenditures were primarily made ➔", IF(OR(ProjectCostForm[[#This Row],[Activity]]= "Implement"),"State and county where implementation occurred ➔", IF(ProjectCostForm[[#This Row],[Activity]]= "Materials", "State and county where purchase was made ➔", IF(ProjectCostForm[[#This Row],[Activity]]="Realty_Buy","State and county where property is located ➔", IF(ProjectCostForm[[#This Row],[Activity]]="Realty_Service","State and county where implementing party is located ➔"," ")))))) | L31: =IF(OR(ISBLANK(ProjectCostForm[[#This Row],[Activity Type]]), ISBLANK(ProjectCostForm[[#This Row],[Implementing Party/ Vendor Type/ Selling Party]])), "", IF(ProjectCostForm[[#This Row],[GetBreakdown]]=TRUE,"Breakdown activity costs into labor,travel, and other non-labor expenditures ➔", IF(AND(ProjectCostForm[[#This Row],[GetNAICS]]=TRUE,ProjectCostForm[[#This Row],[Activity]]<>"Materials",ProjectCostForm[[#This Row],[Activity]]<>"Realty_Buy"),"List the primary NAICS code describing the service or activity ➔", IF(ProjectCostForm[[#This Row],[Activity]]="Materials","List the primary NAICS code describing the material purchased and select the supply chain level of the purchase ➔", IF(ProjectCostForm[[#This Row],[Activity]]="Realty_Buy","Select the type of realestate purchase ➔", ""))))) | U31: =IF(OR(ProjectCostForm[[#This Row],[ActiveRow]]=FALSE, ISERROR(ProjectCostForm[[#This Row],[BreakdownFlag]])),"", IF(ProjectCostForm[[#This Row],[BreakdownFlag]]=TRUE, "Labor, travel, and nonlabor costs must sum to total activity cost for this row (total activity cost = $" & ProjectCostForm[[#This Row],[Activity Cost]] & "). Your current sum is $" & SUM($Q31:$S31) &".", "")) | V31: =OR(NOT(ISBLANK(ProjectCostForm[[#This Row],[Activity Name]])), NOT(ISBLANK(ProjectCostForm[[#This Row],[Activity Type]])), NOT(ISBLANK(ProjectCostForm[[#This Row],[Activity Cost]]))) -> FALSE | W31: =VLOOKUP('Cost Entry Form'!$C31,tbl_ActivityList[],2,FALSE) -> #N/A | X31: =IF(OR(ProjectCostForm[[#This Row],[Activity]]="Manage",ProjectCostForm[[#This Row],[Activity]]="Plan",ProjectCostForm[[#This Row],[Activity]]="Monitor"),TRUE, FALSE) -> #N/A | Y31: =VLOOKUP('Cost Entry Form'!$H31,tbl_party[],2,FALSE) -> #N/A | Z31: =IF(AND(ProjectCostForm[[#This Row],[Manage_Plan_Monitor]]=TRUE,ProjectCostForm[[#This Row],[Party]]<>"P"),FALSE, IF(ProjectCostForm[[#This Row],[Activity]]="Realty_Buy", FALSE, TRUE)) -> #N/A | AA31: =IF(AND(ProjectCostForm[[#This Row],[GetNAICS]]=FALSE,ProjectCostForm[[#This Row],[Manage_Plan_Monitor]]=TRUE),TRUE, FALSE) -> #N/A | AB31: =IF(AND( ProjectCostForm[[#This Row],[GetBreakdown]]=TRUE, SUM(ProjectCostForm[[#This Row],[Labor costs]:[Other nonlabor costs]])<>ProjectCostForm[[#This Row],[Activity Cost]]), TRUE, FALSE) -> #N/A | AC31: =IF(ProjectCostForm[[#This Row],[Activity]]="Materials", TRUE, FALSE) -> #N/A | AD31: =IF(ProjectCostForm[[#This Row],[Activity]]="Realty_Buy", TRUE, FALSE) -> #N/A | AE31: =IF(AND( NOT(ISBLANK(ProjectCostForm[[#This Row],[Activity Name]])), NOT(ISBLANK(ProjectCostForm[[#This Row],[Start Date (m/d/yyyy)]])), NOT(ISBLANK(ProjectCostForm[[#This Row],[Completion Date (m/d/yyyy)]])), NOT(ISBLANK(ProjectCostForm[[#This Row],[Activity Type]])), NOT(ISBLANK(ProjectCostForm[[#This Row],[Activity Cost]])), NOT(ISBLANK(ProjectCostForm[[#This Row],[Implementing Party/ Vendor Type/ Selling Party]])), NOT(ISBLANK(ProjectCostForm[[#This Row],[State]])), NOT(ISBLANK(ProjectCostForm[[#This Row],[County (or County Equivalent)]]))), TRUE,FALSE) -> FALSE | AF31: =IF(ProjectCostForm[[#This Row],[GetNAICS]]=FALSE, "Not Applicable", IF(NOT(ISBLANK(ProjectCostForm[[#This Row],[NAICS Code/Description]])),TRUE,FALSE)) -> #N/A | AG31: =IF(ProjectCostForm[[#This Row],[GetBreakdown]]=FALSE, "Not Applicable", IF(AND(NOT(ISBLANK(ProjectCostForm[[#This Row],[Labor costs]])),NOT(ISBLANK(ProjectCostForm[[#This Row],[Travel costs]])),NOT(ISBLANK(ProjectCostForm[[#This Row],[Other nonlabor costs]])),NOT(ISBLANK(ProjectCostForm[[#This Row],[Description of Other nonlabor costs]]))),TRUE,FALSE)) -> #N/A | AH31: =IF(ProjectCostForm[[#This Row],[GetSupplyChain]]=FALSE, "Not Applicable", IF(NOT(ISBLANK(ProjectCostForm[[#This Row],[Supply Chain Level]])),TRUE,FALSE)) -> #N/A | AI31: =IF(ProjectCostForm[[#This Row],[GetRealty]]=FALSE, "Not Applicable", IF(NOT(ISBLANK(ProjectCostForm[[#This Row],[Type of real-estate purchase]])),TRUE,FALSE)) -> #N/A | AJ31: =IF(OR( AND(ProjectCostForm[[#This Row],[RowComplete_Basics]]=TRUE,ProjectCostForm[[#This Row],[GetNAICS]]=TRUE,ProjectCostForm[[#This Row],[RowComplete_NAICS]]=TRUE,ProjectCostForm[[#This Row],[GetSupplyChain]]=FALSE), AND(ProjectCostForm[[#This Row],[RowComplete_Basics]]=TRUE,ProjectCostForm[[#This Row],[GetNAICS]]=TRUE,ProjectCostForm[[#This Row],[RowComplete_NAICS]]=TRUE,ProjectCostForm[[#This Row],[GetSupplyChain]]=TRUE,ProjectCostForm[[#This Row],[RowComplete_SupplyChain]]=TRUE), AND(ProjectCostForm[[#This Row],[RowComplete_Basics]]=TRUE,ProjectCostForm[[#This Row],[GetBreakdown]]=TRUE,ProjectCostForm[[#This Row],[RowComplete_Breakdown]]=TRUE,ProjectCostForm[[#This Row],[BreakdownFlag]]=FALSE), AND(ProjectCostForm[[#This Row],[RowComplete_Basics]]=TRUE,ProjectCostForm[[#This Row],[GetSupplyChain]]=TRUE,ProjectCostForm[[#This Row],[RowComplete_SupplyChain]]=TRUE), AND(ProjectCostForm[[#This Row],[RowComplete_Basics]]=TRUE,ProjectCostForm[[#This Row],[GetRealty]]=TRUE,ProjectCostForm[[#This Row],[RowComplete_Realty]]=TRUE)),TRUE,FALSE) -> #N/A
A32: {=ROW()-ROW(ProjectCostForm[#Headers])} -> 10 | G32: =IF(ISBLANK(ProjectCostForm[[#This Row],[Activity Type]]), "", IF(OR(ProjectCostForm[[#This Row],[Activity]]= "Manage", ProjectCostForm[[#This Row],[Activity]]= "Plan",ProjectCostForm[[#This Row],[Activity]]= "Monitor",ProjectCostForm[[#This Row],[Activity]]= "Implement",ProjectCostForm[[#This Row],[Activity]]= "Realty_Service"),"Who is the implementing party for this activity? ➔", IF(ProjectCostForm[[#This Row],[Activity]]= "Materials", "Who is the vendor type for this material? ➔", IF(ProjectCostForm[[#This Row],[Activity]]="Realty_Buy","Who is the selling party for this property? ➔"," ")))) | I32: =IF(ISBLANK(ProjectCostForm[[#This Row],[Activity Type]]), "", IF(OR(ProjectCostForm[[#This Row],[Activity]]= "Manage", ProjectCostForm[[#This Row],[Activity]]= "Plan",ProjectCostForm[[#This Row],[Activity]]= "Monitor"),"State and county where expenditures were primarily made ➔", IF(OR(ProjectCostForm[[#This Row],[Activity]]= "Implement"),"State and county where implementation occurred ➔", IF(ProjectCostForm[[#This Row],[Activity]]= "Materials", "State and county where purchase was made ➔", IF(ProjectCostForm[[#This Row],[Activity]]="Realty_Buy","State and county where property is located ➔", IF(ProjectCostForm[[#This Row],[Activity]]="Realty_Service","State and county where implementing party is located ➔"," ")))))) | L32: =IF(OR(ISBLANK(ProjectCostForm[[#This Row],[Activity Type]]), ISBLANK(ProjectCostForm[[#This Row],[Implementing Party/ Vendor Type/ Selling Party]])), "", IF(ProjectCostForm[[#This Row],[GetBreakdown]]=TRUE,"Breakdown activity costs into labor,travel, and other non-labor expenditures ➔", IF(AND(ProjectCostForm[[#This Row],[GetNAICS]]=TRUE,ProjectCostForm[[#This Row],[Activity]]<>"Materials",ProjectCostForm[[#This Row],[Activity]]<>"Realty_Buy"),"List the primary NAICS code describing the service or activity ➔", IF(ProjectCostForm[[#This Row],[Activity]]="Materials","List the primary NAICS code describing the material purchased and select the supply chain level of the purchase ➔", IF(ProjectCostForm[[#This Row],[Activity]]="Realty_Buy","Select the type of realestate purchase ➔", ""))))) | U32: =IF(OR(ProjectCostForm[[#This Row],[ActiveRow]]=FALSE, ISERROR(ProjectCostForm[[#This Row],[BreakdownFlag]])),"", IF(ProjectCostForm[[#This Row],[BreakdownFlag]]=TRUE, "Labor, travel, and nonlabor costs must sum to total activity cost for this row (total activity cost = $" & ProjectCostForm[[#This Row],[Activity Cost]] & "). Your current sum is $" & SUM($Q32:$S32) &".", "")) | V32: =OR(NOT(ISBLANK(ProjectCostForm[[#This Row],[Activity Name]])), NOT(ISBLANK(ProjectCostForm[[#This Row],[Activity Type]])), NOT(ISBLANK(ProjectCostForm[[#This Row],[Activity Cost]]))) -> FALSE | W32: =VLOOKUP('Cost Entry Form'!$C32,tbl_ActivityList[],2,FALSE) -> #N/A | X32: =IF(OR(ProjectCostForm[[#This Row],[Activity]]="Manage",ProjectCostForm[[#This Row],[Activity]]="Plan",ProjectCostForm[[#This Row],[Activity]]="Monitor"),TRUE, FALSE) -> #N/A | Y32: =VLOOKUP('Cost Entry Form'!$H32,tbl_party[],2,FALSE) -> #N/A | Z32: =IF(AND(ProjectCostForm[[#This Row],[Manage_Plan_Monitor]]=TRUE,ProjectCostForm[[#This Row],[Party]]<>"P"),FALSE, IF(ProjectCostForm[[#This Row],[Activity]]="Realty_Buy", FALSE, TRUE)) -> #N/A | AA32: =IF(AND(ProjectCostForm[[#This Row],[GetNAICS]]=FALSE,ProjectCostForm[[#This Row],[Manage_Plan_Monitor]]=TRUE),TRUE, FALSE) -> #N/A | AB32: =IF(AND( ProjectCostForm[[#This Row],[GetBreakdown]]=TRUE, SUM(ProjectCostForm[[#This Row],[Labor costs]:[Other nonlabor costs]])<>ProjectCostForm[[#This Row],[Activity Cost]]), TRUE, FALSE) -> #N/A | AC32: =IF(ProjectCostForm[[#This Row],[Activity]]="Materials", TRUE, FALSE) -> #N/A | AD32: =IF(ProjectCostForm[[#This Row],[Activity]]="Realty_Buy", TRUE, FALSE) -> #N/A | AE32: =IF(AND( NOT(ISBLANK(ProjectCostForm[[#This Row],[Activity Name]])), NOT(ISBLANK(ProjectCostForm[[#This Row],[Start Date (m/d/yyyy)]])), NOT(ISBLANK(ProjectCostForm[[#This Row],[Completion Date (m/d/yyyy)]])), NOT(ISBLANK(ProjectCostForm[[#This Row],[Activity Type]])), NOT(ISBLANK(ProjectCostForm[[#This Row],[Activity Cost]])), NOT(ISBLANK(ProjectCostForm[[#This Row],[Implementing Party/ Vendor Type/ Selling Party]])), NOT(ISBLANK(ProjectCostForm[[#This Row],[State]])), NOT(ISBLANK(ProjectCostForm[[#This Row],[County (or County Equivalent)]]))), TRUE,FALSE) -> FALSE | AF32: =IF(ProjectCostForm[[#This Row],[GetNAICS]]=FALSE, "Not Applicable", IF(NOT(ISBLANK(ProjectCostForm[[#This Row],[NAICS Code/Description]])),TRUE,FALSE)) -> #N/A | AG32: =IF(ProjectCostForm[[#This Row],[GetBreakdown]]=FALSE, "Not Applicable", IF(AND(NOT(ISBLANK(ProjectCostForm[[#This Row],[Labor costs]])),NOT(ISBLANK(ProjectCostForm[[#This Row],[Travel costs]])),NOT(ISBLANK(ProjectCostForm[[#This Row],[Other nonlabor costs]])),NOT(ISBLANK(ProjectCostForm[[#This Row],[Description of Other nonlabor costs]]))),TRUE,FALSE)) -> #N/A | AH32: =IF(ProjectCostForm[[#This Row],[GetSupplyChain]]=FALSE, "Not Applicable", IF(NOT(ISBLANK(ProjectCostForm[[#This Row],[Supply Chain Level]])),TRUE,FALSE)) -> #N/A | AI32: =IF(ProjectCostForm[[#This Row],[GetRealty]]=FALSE, "Not Applicable", IF(NOT(ISBLANK(ProjectCostForm[[#This Row],[Type of real-estate purchase]])),TRUE,FALSE)) -> #N/A | AJ32: =IF(OR( AND(ProjectCostForm[[#This Row],[RowComplete_Basics]]=TRUE,ProjectCostForm[[#This Row],[GetNAICS]]=TRUE,ProjectCostForm[[#This Row],[RowComplete_NAICS]]=TRUE,ProjectCostForm[[#This Row],[GetSupplyChain]]=FALSE), AND(ProjectCostForm[[#This Row],[RowComplete_Basics]]=TRUE,ProjectCostForm[[#This Row],[GetNAICS]]=TRUE,ProjectCostForm[[#This Row],[RowComplete_NAICS]]=TRUE,ProjectCostForm[[#This Row],[GetSupplyChain]]=TRUE,ProjectCostForm[[#This Row],[RowComplete_SupplyChain]]=TRUE), AND(ProjectCostForm[[#This Row],[RowComplete_Basics]]=TRUE,ProjectCostForm[[#This Row],[GetBreakdown]]=TRUE,ProjectCostForm[[#This Row],[RowComplete_Breakdown]]=TRUE,ProjectCostForm[[#This Row],[BreakdownFlag]]=FALSE), AND(ProjectCostForm[[#This Row],[RowComplete_Basics]]=TRUE,ProjectCostForm[[#This Row],[GetSupplyChain]]=TRUE,ProjectCostForm[[#This Row],[RowComplete_SupplyChain]]=TRUE), AND(ProjectCostForm[[#This Row],[RowComplete_Basics]]=TRUE,ProjectCostForm[[#This Row],[GetRealty]]=TRUE,ProjectCostForm[[#This Row],[RowComplete_Realty]]=TRUE)),TRUE,FALSE) -> #N/A
A33: {=ROW()-ROW(ProjectCostForm[#Headers])} -> 11 | G33: =IF(ISBLANK(ProjectCostForm[[#This Row],[Activity Type]]), "", IF(OR(ProjectCostForm[[#This Row],[Activity]]= "Manage", ProjectCostForm[[#This Row],[Activity]]= "Plan",ProjectCostForm[[#This Row],[Activity]]= "Monitor",ProjectCostForm[[#This Row],[Activity]]= "Implement",ProjectCostForm[[#This Row],[Activity]]= "Realty_Service"),"Who is the implementing party for this activity? ➔", IF(ProjectCostForm[[#This Row],[Activity]]= "Materials", "Who is the vendor type for this material? ➔", IF(ProjectCostForm[[#This Row],[Activity]]="Realty_Buy","Who is the selling party for this property? ➔"," ")))) | I33: =IF(ISBLANK(ProjectCostForm[[#This Row],[Activity Type]]), "", IF(OR(ProjectCostForm[[#This Row],[Activity]]= "Manage", ProjectCostForm[[#This Row],[Activity]]= "Plan",ProjectCostForm[[#This Row],[Activity]]= "Monitor"),"State and county where expenditures were primarily made ➔", IF(OR(ProjectCostForm[[#This Row],[Activity]]= "Implement"),"State and county where implementation occurred ➔", IF(ProjectCostForm[[#This Row],[Activity]]= "Materials", "State and county where purchase was made ➔", IF(ProjectCostForm[[#This Row],[Activity]]="Realty_Buy","State and county where property is located ➔", IF(ProjectCostForm[[#This Row],[Activity]]="Realty_Service","State and county where implementing party is located ➔"," ")))))) | L33: =IF(OR(ISBLANK(ProjectCostForm[[#This Row],[Activity Type]]), ISBLANK(ProjectCostForm[[#This Row],[Implementing Party/ Vendor Type/ Selling Party]])), "", IF(ProjectCostForm[[#This Row],[GetBreakdown]]=TRUE,"Breakdown activity costs into labor,travel, and other non-labor expenditures ➔", IF(AND(ProjectCostForm[[#This Row],[GetNAICS]]=TRUE,ProjectCostForm[[#This Row],[Activity]]<>"Materials",ProjectCostForm[[#This Row],[Activity]]<>"Realty_Buy"),"List the primary NAICS code describing the service or activity ➔", IF(ProjectCostForm[[#This Row],[Activity]]="Materials","List the primary NAICS code describing the material purchased and select the supply chain level of the purchase ➔", IF(ProjectCostForm[[#This Row],[Activity]]="Realty_Buy","Select the type of realestate purchase ➔", ""))))) | U33: =IF(OR(ProjectCostForm[[#This Row],[ActiveRow]]=FALSE, ISERROR(ProjectCostForm[[#This Row],[BreakdownFlag]])),"", IF(ProjectCostForm[[#This Row],[BreakdownFlag]]=TRUE, "Labor, travel, and nonlabor costs must sum to total activity cost for this row (total activity cost = $" & ProjectCostForm[[#This Row],[Activity Cost]] & "). Your current sum is $" & SUM($Q33:$S33) &".", "")) | V33: =OR(NOT(ISBLANK(ProjectCostForm[[#This Row],[Activity Name]])), NOT(ISBLANK(ProjectCostForm[[#This Row],[Activity Type]])), NOT(ISBLANK(ProjectCostForm[[#This Row],[Activity Cost]]))) -> FALSE | W33: =VLOOKUP('Cost Entry Form'!$C33,tbl_ActivityList[],2,FALSE) -> #N/A | X33: =IF(OR(ProjectCostForm[[#This Row],[Activity]]="Manage",ProjectCostForm[[#This Row],[Activity]]="Plan",ProjectCostForm[[#This Row],[Activity]]="Monitor"),TRUE, FALSE) -> #N/A | Y33: =VLOOKUP('Cost Entry Form'!$H33,tbl_party[],2,FALSE) -> #N/A | Z33: =IF(AND(ProjectCostForm[[#This Row],[Manage_Plan_Monitor]]=TRUE,ProjectCostForm[[#This Row],[Party]]<>"P"),FALSE, IF(ProjectCostForm[[#This Row],[Activity]]="Realty_Buy", FALSE, TRUE)) -> #N/A | AA33: =IF(AND(ProjectCostForm[[#This Row],[GetNAICS]]=FALSE,ProjectCostForm[[#This Row],[Manage_Plan_Monitor]]=TRUE),TRUE, FALSE) -> #N/A | AB33: =IF(AND( ProjectCostForm[[#This Row],[GetBreakdown]]=TRUE, SUM(ProjectCostForm[[#This Row],[Labor costs]:[Other nonlabor costs]])<>ProjectCostForm[[#This Row],[Activity Cost]]), TRUE, FALSE) -> #N/A | AC33: =IF(ProjectCostForm[[#This Row],[Activity]]="Materials", TRUE, FALSE) -> #N/A | AD33: =IF(ProjectCostForm[[#This Row],[Activity]]="Realty_Buy", TRUE, FALSE) -> #N/A | AE33: =IF(AND( NOT(ISBLANK(ProjectCostForm[[#This Row],[Activity Name]])), NOT(ISBLANK(ProjectCostForm[[#This Row],[Start Date (m/d/yyyy)]])), NOT(ISBLANK(ProjectCostForm[[#This Row],[Completion Date (m/d/yyyy)]])), NOT(ISBLANK(ProjectCostForm[[#This Row],[Activity Type]])), NOT(ISBLANK(ProjectCostForm[[#This Row],[Activity Cost]])), NOT(ISBLANK(ProjectCostForm[[#This Row],[Implementing Party/ Vendor Type/ Selling Party]])), NOT(ISBLANK(ProjectCostForm[[#This Row],[State]])), NOT(ISBLANK(ProjectCostForm[[#This Row],[County (or County Equivalent)]]))), TRUE,FALSE) -> FALSE | AF33: =IF(ProjectCostForm[[#This Row],[GetNAICS]]=FALSE, "Not Applicable", IF(NOT(ISBLANK(ProjectCostForm[[#This Row],[NAICS Code/Description]])),TRUE,FALSE)) -> #N/A | AG33: =IF(ProjectCostForm[[#This Row],[GetBreakdown]]=FALSE, "Not Applicable", IF(AND(NOT(ISBLANK(ProjectCostForm[[#This Row],[Labor costs]])),NOT(ISBLANK(ProjectCostForm[[#This Row],[Travel costs]])),NOT(ISBLANK(ProjectCostForm[[#This Row],[Other nonlabor costs]])),NOT(ISBLANK(ProjectCostForm[[#This Row],[Description of Other nonlabor costs]]))),TRUE,FALSE)) -> #N/A | AH33: =IF(ProjectCostForm[[#This Row],[GetSupplyChain]]=FALSE, "Not Applicable", IF(NOT(ISBLANK(ProjectCostForm[[#This Row],[Supply Chain Level]])),TRUE,FALSE)) -> #N/A | AI33: =IF(ProjectCostForm[[#This Row],[GetRealty]]=FALSE, "Not Applicable", IF(NOT(ISBLANK(ProjectCostForm[[#This Row],[Type of real-estate purchase]])),TRUE,FALSE)) -> #N/A | AJ33: =IF(OR( AND(ProjectCostForm[[#This Row],[RowComplete_Basics]]=TRUE,ProjectCostForm[[#This Row],[GetNAICS]]=TRUE,ProjectCostForm[[#This Row],[RowComplete_NAICS]]=TRUE,ProjectCostForm[[#This Row],[GetSupplyChain]]=FALSE), AND(ProjectCostForm[[#This Row],[RowComplete_Basics]]=TRUE,ProjectCostForm[[#This Row],[GetNAICS]]=TRUE,ProjectCostForm[[#This Row],[RowComplete_NAICS]]=TRUE,ProjectCostForm[[#This Row],[GetSupplyChain]]=TRUE,ProjectCostForm[[#This Row],[RowComplete_SupplyChain]]=TRUE), AND(ProjectCostForm[[#This Row],[RowComplete_Basics]]=TRUE,ProjectCostForm[[#This Row],[GetBreakdown]]=TRUE,ProjectCostForm[[#This Row],[RowComplete_Breakdown]]=TRUE,ProjectCostForm[[#This Row],[BreakdownFlag]]=FALSE), AND(ProjectCostForm[[#This Row],[RowComplete_Basics]]=TRUE,ProjectCostForm[[#This Row],[GetSupplyChain]]=TRUE,ProjectCostForm[[#This Row],[RowComplete_SupplyChain]]=TRUE), AND(ProjectCostForm[[#This Row],[RowComplete_Basics]]=TRUE,ProjectCostForm[[#This Row],[GetRealty]]=TRUE,ProjectCostForm[[#This Row],[RowComplete_Realty]]=TRUE)),TRUE,FALSE) -> #N/A
A34: {=ROW()-ROW(ProjectCostForm[#Headers])} -> 12 | G34: =IF(ISBLANK(ProjectCostForm[[#This Row],[Activity Type]]), "", IF(OR(ProjectCostForm[[#This Row],[Activity]]= "Manage", ProjectCostForm[[#This Row],[Activity]]= "Plan",ProjectCostForm[[#This Row],[Activity]]= "Monitor",ProjectCostForm[[#This Row],[Activity]]= "Implement",ProjectCostForm[[#This Row],[Activity]]= "Realty_Service"),"Who is the implementing party for this activity? ➔", IF(ProjectCostForm[[#This Row],[Activity]]= "Materials", "Who is the vendor type for this material? ➔", IF(ProjectCostForm[[#This Row],[Activity]]="Realty_Buy","Who is the selling party for this property? ➔"," ")))) | I34: =IF(ISBLANK(ProjectCostForm[[#This Row],[Activity Type]]), "", IF(OR(ProjectCostForm[[#This Row],[Activity]]= "Manage", ProjectCostForm[[#This Row],[Activity]]= "Plan",ProjectCostForm[[#This Row],[Activity]]= "Monitor"),"State and county where expenditures were primarily made ➔", IF(OR(ProjectCostForm[[#This Row],[Activity]]= "Implement"),"State and county where implementation occurred ➔", IF(ProjectCostForm[[#This Row],[Activity]]= "Materials", "State and county where purchase was made ➔", IF(ProjectCostForm[[#This Row],[Activity]]="Realty_Buy","State and county where property is located ➔", IF(ProjectCostForm[[#This Row],[Activity]]="Realty_Service","State and county where implementing party is located ➔"," ")))))) | L34: =IF(OR(ISBLANK(ProjectCostForm[[#This Row],[Activity Type]]), ISBLANK(ProjectCostForm[[#This Row],[Implementing Party/ Vendor Type/ Selling Party]])), "", IF(ProjectCostForm[[#This Row],[GetBreakdown]]=TRUE,"Breakdown activity costs into labor,travel, and other non-labor expenditures ➔", IF(AND(ProjectCostForm[[#This Row],[GetNAICS]]=TRUE,ProjectCostForm[[#This Row],[Activity]]<>"Materials",ProjectCostForm[[#This Row],[Activity]]<>"Realty_Buy"),"List the primary NAICS code describing the service or activity ➔", IF(ProjectCostForm[[#This Row],[Activity]]="Materials","List the primary NAICS code describing the material purchased and select the supply chain level of the purchase ➔", IF(ProjectCostForm[[#This Row],[Activity]]="Realty_Buy","Select the type of realestate purchase ➔", ""))))) | U34: =IF(OR(ProjectCostForm[[#This Row],[ActiveRow]]=FALSE, ISERROR(ProjectCostForm[[#This Row],[BreakdownFlag]])),"", IF(ProjectCostForm[[#This Row],[BreakdownFlag]]=TRUE, "Labor, travel, and nonlabor costs must sum to total activity cost for this row (total activity cost = $" & ProjectCostForm[[#This Row],[Activity Cost]] & "). Your current sum is $" & SUM($Q34:$S34) &".", "")) | V34: =OR(NOT(ISBLANK(ProjectCostForm[[#This Row],[Activity Name]])), NOT(ISBLANK(ProjectCostForm[[#This Row],[Activity Type]])), NOT(ISBLANK(ProjectCostForm[[#This Row],[Activity Cost]]))) -> FALSE | W34: =VLOOKUP('Cost Entry Form'!$C34,tbl_ActivityList[],2,FALSE) -> #N/A | X34: =IF(OR(ProjectCostForm[[#This Row],[Activity]]="Manage",ProjectCostForm[[#This Row],[Activity]]="Plan",ProjectCostForm[[#This Row],[Activity]]="Monitor"),TRUE, FALSE) -> #N/A | Y34: =VLOOKUP('Cost Entry Form'!$H34,tbl_party[],2,FALSE) -> #N/A | Z34: =IF(AND(ProjectCostForm[[#This Row],[Manage_Plan_Monitor]]=TRUE,ProjectCostForm[[#This Row],[Party]]<>"P"),FALSE, IF(ProjectCostForm[[#This Row],[Activity]]="Realty_Buy", FALSE, TRUE)) -> #N/A | AA34: =IF(AND(ProjectCostForm[[#This Row],[GetNAICS]]=FALSE,ProjectCostForm[[#This Row],[Manage_Plan_Monitor]]=TRUE),TRUE, FALSE) -> #N/A | AB34: =IF(AND( ProjectCostForm[[#This Row],[GetBreakdown]]=TRUE, SUM(ProjectCostForm[[#This Row],[Labor costs]:[Other nonlabor costs]])<>ProjectCostForm[[#This Row],[Activity Cost]]), TRUE, FALSE) -> #N/A | AC34: =IF(ProjectCostForm[[#This Row],[Activity]]="Materials", TRUE, FALSE) -> #N/A | AD34: =IF(ProjectCostForm[[#This Row],[Activity]]="Realty_Buy", TRUE, FALSE) -> #N/A | AE34: =IF(AND( NOT(ISBLANK(ProjectCostForm[[#This Row],[Activity Name]])), NOT(ISBLANK(ProjectCostForm[[#This Row],[Start Date (m/d/yyyy)]])), NOT(ISBLANK(ProjectCostForm[[#This Row],[Completion Date (m/d/yyyy)]])), NOT(ISBLANK(ProjectCostForm[[#This Row],[Activity Type]])), NOT(ISBLANK(ProjectCostForm[[#This Row],[Activity Cost]])), NOT(ISBLANK(ProjectCostForm[[#This Row],[Implementing Party/ Vendor Type/ Selling Party]])), NOT(ISBLANK(ProjectCostForm[[#This Row],[State]])), NOT(ISBLANK(ProjectCostForm[[#This Row],[County (or County Equivalent)]]))), TRUE,FALSE) -> FALSE | AF34: =IF(ProjectCostForm[[#This Row],[GetNAICS]]=FALSE, "Not Applicable", IF(NOT(ISBLANK(ProjectCostForm[[#This Row],[NAICS Code/Description]])),TRUE,FALSE)) -> #N/A | AG34: =IF(ProjectCostForm[[#This Row],[GetBreakdown]]=FALSE, "Not Applicable", IF(AND(NOT(ISBLANK(ProjectCostForm[[#This Row],[Labor costs]])),NOT(ISBLANK(ProjectCostForm[[#This Row],[Travel costs]])),NOT(ISBLANK(ProjectCostForm[[#This Row],[Other nonlabor costs]])),NOT(ISBLANK(ProjectCostForm[[#This Row],[Description of Other nonlabor costs]]))),TRUE,FALSE)) -> #N/A | AH34: =IF(ProjectCostForm[[#This Row],[GetSupplyChain]]=FALSE, "Not Applicable", IF(NOT(ISBLANK(ProjectCostForm[[#This Row],[Supply Chain Level]])),TRUE,FALSE)) -> #N/A | AI34: =IF(ProjectCostForm[[#This Row],[GetRealty]]=FALSE, "Not Applicable", IF(NOT(ISBLANK(ProjectCostForm[[#This Row],[Type of real-estate purchase]])),TRUE,FALSE)) -> #N/A | AJ34: =IF(OR( AND(ProjectCostForm[[#This Row],[RowComplete_Basics]]=TRUE,ProjectCostForm[[#This Row],[GetNAICS]]=TRUE,ProjectCostForm[[#This Row],[RowComplete_NAICS]]=TRUE,ProjectCostForm[[#This Row],[GetSupplyChain]]=FALSE), AND(ProjectCostForm[[#This Row],[RowComplete_Basics]]=TRUE,ProjectCostForm[[#This Row],[GetNAICS]]=TRUE,ProjectCostForm[[#This Row],[RowComplete_NAICS]]=TRUE,ProjectCostForm[[#This Row],[GetSupplyChain]]=TRUE,ProjectCostForm[[#This Row],[RowComplete_SupplyChain]]=TRUE), AND(ProjectCostForm[[#This Row],[RowComplete_Basics]]=TRUE,ProjectCostForm[[#This Row],[GetBreakdown]]=TRUE,ProjectCostForm[[#This Row],[RowComplete_Breakdown]]=TRUE,ProjectCostForm[[#This Row],[BreakdownFlag]]=FALSE), AND(ProjectCostForm[[#This Row],[RowComplete_Basics]]=TRUE,ProjectCostForm[[#This Row],[GetSupplyChain]]=TRUE,ProjectCostForm[[#This Row],[RowComplete_SupplyChain]]=TRUE), AND(ProjectCostForm[[#This Row],[RowComplete_Basics]]=TRUE,ProjectCostForm[[#This Row],[GetRealty]]=TRUE,ProjectCostForm[[#This Row],[RowComplete_Realty]]=TRUE)),TRUE,FALSE) -> #N/A
A35: {=ROW()-ROW(ProjectCostForm[#Headers])} -> 13 | G35: =IF(ISBLANK(ProjectCostForm[[#This Row],[Activity Type]]), "", IF(OR(ProjectCostForm[[#This Row],[Activity]]= "Manage", ProjectCostForm[[#This Row],[Activity]]= "Plan",ProjectCostForm[[#This Row],[Activity]]= "Monitor",ProjectCostForm[[#This Row],[Activity]]= "Implement",ProjectCostForm[[#This Row],[Activity]]= "Realty_Service"),"Who is the implementing party for this activity? ➔", IF(ProjectCostForm[[#This Row],[Activity]]= "Materials", "Who is the vendor type for this material? ➔", IF(ProjectCostForm[[#This Row],[Activity]]="Realty_Buy","Who is the selling party for this property? ➔"," ")))) | I35: =IF(ISBLANK(ProjectCostForm[[#This Row],[Activity Type]]), "", IF(OR(ProjectCostForm[[#This Row],[Activity]]= "Manage", ProjectCostForm[[#This Row],[Activity]]= "Plan",ProjectCostForm[[#This Row],[Activity]]= "Monitor"),"State and county where expenditures were primarily made ➔", IF(OR(ProjectCostForm[[#This Row],[Activity]]= "Implement"),"State and county where implementation occurred ➔", IF(ProjectCostForm[[#This Row],[Activity]]= "Materials", "State and county where purchase was made ➔", IF(ProjectCostForm[[#This Row],[Activity]]="Realty_Buy","State and county where property is located ➔", IF(ProjectCostForm[[#This Row],[Activity]]="Realty_Service","State and county where implementing party is located ➔"," ")))))) | L35: =IF(OR(ISBLANK(ProjectCostForm[[#This Row],[Activity Type]]), ISBLANK(ProjectCostForm[[#This Row],[Implementing Party/ Vendor Type/ Selling Party]])), "", IF(ProjectCostForm[[#This Row],[GetBreakdown]]=TRUE,"Breakdown activity costs into labor,travel, and other non-labor expenditures ➔", IF(AND(ProjectCostForm[[#This Row],[GetNAICS]]=TRUE,ProjectCostForm[[#This Row],[Activity]]<>"Materials",ProjectCostForm[[#This Row],[Activity]]<>"Realty_Buy"),"List the primary NAICS code describing the service or activity ➔", IF(ProjectCostForm[[#This Row],[Activity]]="Materials","List the primary NAICS code describing the material purchased and select the supply chain level of the purchase ➔", IF(ProjectCostForm[[#This Row],[Activity]]="Realty_Buy","Select the type of realestate purchase ➔", ""))))) | U35: =IF(OR(ProjectCostForm[[#This Row],[ActiveRow]]=FALSE, ISERROR(ProjectCostForm[[#This Row],[BreakdownFlag]])),"", IF(ProjectCostForm[[#This Row],[BreakdownFlag]]=TRUE, "Labor, travel, and nonlabor costs must sum to total activity cost for this row (total activity cost = $" & ProjectCostForm[[#This Row],[Activity Cost]] & "). Your current sum is $" & SUM($Q35:$S35) &".", "")) | V35: =OR(NOT(ISBLANK(ProjectCostForm[[#This Row],[Activity Name]])), NOT(ISBLANK(ProjectCostForm[[#This Row],[Activity Type]])), NOT(ISBLANK(ProjectCostForm[[#This Row],[Activity Cost]]))) -> FALSE | W35: =VLOOKUP('Cost Entry Form'!$C35,tbl_ActivityList[],2,FALSE) -> #N/A | X35: =IF(OR(ProjectCostForm[[#This Row],[Activity]]="Manage",ProjectCostForm[[#This Row],[Activity]]="Plan",ProjectCostForm[[#This Row],[Activity]]="Monitor"),TRUE, FALSE) -> #N/A | Y35: =VLOOKUP('Cost Entry Form'!$H35,tbl_party[],2,FALSE) -> #N/A | Z35: =IF(AND(ProjectCostForm[[#This Row],[Manage_Plan_Monitor]]=TRUE,ProjectCostForm[[#This Row],[Party]]<>"P"),FALSE, IF(ProjectCostForm[[#This Row],[Activity]]="Realty_Buy", FALSE, TRUE)) -> #N/A | AA35: =IF(AND(ProjectCostForm[[#This Row],[GetNAICS]]=FALSE,ProjectCostForm[[#This Row],[Manage_Plan_Monitor]]=TRUE),TRUE, FALSE) -> #N/A | AB35: =IF(AND( ProjectCostForm[[#This Row],[GetBreakdown]]=TRUE, SUM(ProjectCostForm[[#This Row],[Labor costs]:[Other nonlabor costs]])<>ProjectCostForm[[#This Row],[Activity Cost]]), TRUE, FALSE) -> #N/A | AC35: =IF(ProjectCostForm[[#This Row],[Activity]]="Materials", TRUE, FALSE) -> #N/A | AD35: =IF(ProjectCostForm[[#This Row],[Activity]]="Realty_Buy", TRUE, FALSE) -> #N/A | AE35: =IF(AND( NOT(ISBLANK(ProjectCostForm[[#This Row],[Activity Name]])), NOT(ISBLANK(ProjectCostForm[[#This Row],[Start Date (m/d/yyyy)]])), NOT(ISBLANK(ProjectCostForm[[#This Row],[Completion Date (m/d/yyyy)]])), NOT(ISBLANK(ProjectCostForm[[#This Row],[Activity Type]])), NOT(ISBLANK(ProjectCostForm[[#This Row],[Activity Cost]])), NOT(ISBLANK(ProjectCostForm[[#This Row],[Implementing Party/ Vendor Type/ Selling Party]])), NOT(ISBLANK(ProjectCostForm[[#This Row],[State]])), NOT(ISBLANK(ProjectCostForm[[#This Row],[County (or County Equivalent)]]))), TRUE,FALSE) -> FALSE | AF35: =IF(ProjectCostForm[[#This Row],[GetNAICS]]=FALSE, "Not Applicable", IF(NOT(ISBLANK(ProjectCostForm[[#This Row],[NAICS Code/Description]])),TRUE,FALSE)) -> #N/A | AG35: =IF(ProjectCostForm[[#This Row],[GetBreakdown]]=FALSE, "Not Applicable", IF(AND(NOT(ISBLANK(ProjectCostForm[[#This Row],[Labor costs]])),NOT(ISBLANK(ProjectCostForm[[#This Row],[Travel costs]])),NOT(ISBLANK(ProjectCostForm[[#This Row],[Other nonlabor costs]])),NOT(ISBLANK(ProjectCostForm[[#This Row],[Description of Other nonlabor costs]]))),TRUE,FALSE)) -> #N/A | AH35: =IF(ProjectCostForm[[#This Row],[GetSupplyChain]]=FALSE, "Not Applicable", IF(NOT(ISBLANK(ProjectCostForm[[#This Row],[Supply Chain Level]])),TRUE,FALSE)) -> #N/A | AI35: =IF(ProjectCostForm[[#This Row],[GetRealty]]=FALSE, "Not Applicable", IF(NOT(ISBLANK(ProjectCostForm[[#This Row],[Type of real-estate purchase]])),TRUE,FALSE)) -> #N/A | AJ35: =IF(OR( AND(ProjectCostForm[[#This Row],[RowComplete_Basics]]=TRUE,ProjectCostForm[[#This Row],[GetNAICS]]=TRUE,ProjectCostForm[[#This Row],[RowComplete_NAICS]]=TRUE,ProjectCostForm[[#This Row],[GetSupplyChain]]=FALSE), AND(ProjectCostForm[[#This Row],[RowComplete_Basics]]=TRUE,ProjectCostForm[[#This Row],[GetNAICS]]=TRUE,ProjectCostForm[[#This Row],[RowComplete_NAICS]]=TRUE,ProjectCostForm[[#This Row],[GetSupplyChain]]=TRUE,ProjectCostForm[[#This Row],[RowComplete_SupplyChain]]=TRUE), AND(ProjectCostForm[[#This Row],[RowComplete_Basics]]=TRUE,ProjectCostForm[[#This Row],[GetBreakdown]]=TRUE,ProjectCostForm[[#This Row],[RowComplete_Breakdown]]=TRUE,ProjectCostForm[[#This Row],[BreakdownFlag]]=FALSE), AND(ProjectCostForm[[#This Row],[RowComplete_Basics]]=TRUE,ProjectCostForm[[#This Row],[GetSupplyChain]]=TRUE,ProjectCostForm[[#This Row],[RowComplete_SupplyChain]]=TRUE), AND(ProjectCostForm[[#This Row],[RowComplete_Basics]]=TRUE,ProjectCostForm[[#This Row],[GetRealty]]=TRUE,ProjectCostForm[[#This Row],[RowComplete_Realty]]=TRUE)),TRUE,FALSE) -> #N/A
... A75: {=ROW()-ROW(ProjectCostForm[#Headers])} -> 53 | G75: =IF(ISBLANK(ProjectCostForm[[#This Row],[Activity Type]]), "", IF(OR(ProjectCostForm[[#This Row],[Activity]]= "Manage", ProjectCostForm[[#This Row],[Activity]]= "Plan",ProjectCostForm[[#This Row],[Activity]]= "Monitor",ProjectCostForm[[#This Row],[Activity]]= "Implement",ProjectCostForm[[#This Row],[Activity]]= "Realty_Service"),"Who is the implementing party for this activity? ➔", IF(ProjectCostForm[[#This Row],[Activity]]= "Materials", "Who is the vendor type for this material? ➔", IF(ProjectCostForm[[#This Row],[Activity]]="Realty_Buy","Who is the selling party for this property? ➔"," ")))) | I75: =IF(ISBLANK(ProjectCostForm[[#This Row],[Activity Type]]), "", IF(OR(ProjectCostForm[[#This Row],[Activity]]= "Manage", ProjectCostForm[[#This Row],[Activity]]= "Plan",ProjectCostForm[[#This Row],[Activity]]= "Monitor"),"State and county where expenditures were primarily made ➔", IF(OR(ProjectCostForm[[#This Row],[Activity]]= "Implement"),"State and county where implementation occurred ➔", IF(ProjectCostForm[[#This Row],[Activity]]= "Materials", "State and county where purchase was made ➔", IF(ProjectCostForm[[#This Row],[Activity]]="Realty_Buy","State and county where property is located ➔", IF(ProjectCostForm[[#This Row],[Activity]]="Realty_Service","State and county where implementing party is located ➔"," ")))))) | L75: =IF(OR(ISBLANK(ProjectCostForm[[#This Row],[Activity Type]]), ISBLANK(ProjectCostForm[[#This Row],[Implementing Party/ Vendor Type/ Selling Party]])), "", IF(ProjectCostForm[[#This Row],[GetBreakdown]]=TRUE,"Breakdown activity costs into labor,travel, and other non-labor expenditures ➔", IF(AND(ProjectCostForm[[#This Row],[GetNAICS]]=TRUE,ProjectCostForm[[#This Row],[Activity]]<>"Materials",ProjectCostForm[[#This Row],[Activity]]<>"Realty_Buy"),"List the primary NAICS code describing the service or activity ➔", IF(ProjectCostForm[[#This Row],[Activity]]="Materials","List the primary NAICS code describing the material purchased and select the supply chain level of the purchase ➔", IF(ProjectCostForm[[#This Row],[Activity]]="Realty_Buy","Select the type of realestate purchase ➔", ""))))) | U75: =IF(OR(ProjectCostForm[[#This Row],[ActiveRow]]=FALSE, ISERROR(ProjectCostForm[[#This Row],[BreakdownFlag]])),"", IF(ProjectCostForm[[#This Row],[BreakdownFlag]]=TRUE, "Labor, travel, and nonlabor costs must sum to total activity cost for this row (total activity cost = $" & ProjectCostForm[[#This Row],[Activity Cost]] & "). Your current sum is $" & SUM($Q75:$S75) &".", "")) | V75: =OR(NOT(ISBLANK(ProjectCostForm[[#This Row],[Activity Name]])), NOT(ISBLANK(ProjectCostForm[[#This Row],[Activity Type]])), NOT(ISBLANK(ProjectCostForm[[#This Row],[Activity Cost]]))) -> FALSE | W75: =VLOOKUP('Cost Entry Form'!$C75,tbl_ActivityList[],2,FALSE) -> #N/A | X75: =IF(OR(ProjectCostForm[[#This Row],[Activity]]="Manage",ProjectCostForm[[#This Row],[Activity]]="Plan",ProjectCostForm[[#This Row],[Activity]]="Monitor"),TRUE, FALSE) -> #N/A | Y75: =VLOOKUP('Cost Entry Form'!$H75,tbl_party[],2,FALSE) -> #N/A | Z75: =IF(AND(ProjectCostForm[[#This Row],[Manage_Plan_Monitor]]=TRUE,ProjectCostForm[[#This Row],[Party]]<>"P"),FALSE, IF(ProjectCostForm[[#This Row],[Activity]]="Realty_Buy", FALSE, TRUE)) -> #N/A | AA75: =IF(AND(ProjectCostForm[[#This Row],[GetNAICS]]=FALSE,ProjectCostForm[[#This Row],[Manage_Plan_Monitor]]=TRUE),TRUE, FALSE) -> #N/A | AB75: =IF(AND( ProjectCostForm[[#This Row],[GetBreakdown]]=TRUE, SUM(ProjectCostForm[[#This Row],[Labor costs]:[Other nonlabor costs]])<>ProjectCostForm[[#This Row],[Activity Cost]]), TRUE, FALSE) -> #N/A | AC75: =IF(ProjectCostForm[[#This Row],[Activity]]="Materials", TRUE, FALSE) -> #N/A | AD75: =IF(ProjectCostForm[[#This Row],[Activity]]="Realty_Buy", TRUE, FALSE) -> #N/A | AE75: =IF(AND( NOT(ISBLANK(ProjectCostForm[[#This Row],[Activity Name]])), NOT(ISBLANK(ProjectCostForm[[#This Row],[Start Date (m/d/yyyy)]])), NOT(ISBLANK(ProjectCostForm[[#This Row],[Completion Date (m/d/yyyy)]])), NOT(ISBLANK(ProjectCostForm[[#This Row],[Activity Type]])), NOT(ISBLANK(ProjectCostForm[[#This Row],[Activity Cost]])), NOT(ISBLANK(ProjectCostForm[[#This Row],[Implementing Party/ Vendor Type/ Selling Party]])), NOT(ISBLANK(ProjectCostForm[[#This Row],[State]])), NOT(ISBLANK(ProjectCostForm[[#This Row],[County (or County Equivalent)]]))), TRUE,FALSE) -> FALSE | AF75: =IF(ProjectCostForm[[#This Row],[GetNAICS]]=FALSE, "Not Applicable", IF(NOT(ISBLANK(ProjectCostForm[[#This Row],[NAICS Code/Description]])),TRUE,FALSE)) -> #N/A | AG75: =IF(ProjectCostForm[[#This Row],[GetBreakdown]]=FALSE, "Not Applicable", IF(AND(NOT(ISBLANK(ProjectCostForm[[#This Row],[Labor costs]])),NOT(ISBLANK(ProjectCostForm[[#This Row],[Travel costs]])),NOT(ISBLANK(ProjectCostForm[[#This Row],[Other nonlabor costs]])),NOT(ISBLANK(ProjectCostForm[[#This Row],[Description of Other nonlabor costs]]))),TRUE,FALSE)) -> #N/A | AH75: =IF(ProjectCostForm[[#This Row],[GetSupplyChain]]=FALSE, "Not Applicable", IF(NOT(ISBLANK(ProjectCostForm[[#This Row],[Supply Chain Level]])),TRUE,FALSE)) -> #N/A | AI75: =IF(ProjectCostForm[[#This Row],[GetRealty]]=FALSE, "Not Applicable", IF(NOT(ISBLANK(ProjectCostForm[[#This Row],[Type of real-estate purchase]])),TRUE,FALSE)) -> #N/A | AJ75: =IF(OR( AND(ProjectCostForm[[#This Row],[RowComplete_Basics]]=TRUE,ProjectCostForm[[#This Row],[GetNAICS]]=TRUE,ProjectCostForm[[#This Row],[RowComplete_NAICS]]=TRUE,ProjectCostForm[[#This Row],[GetSupplyChain]]=FALSE), AND(ProjectCostForm[[#This Row],[RowComplete_Basics]]=TRUE,ProjectCostForm[[#This Row],[GetNAICS]]=TRUE,ProjectCostForm[[#This Row],[RowComplete_NAICS]]=TRUE,ProjectCostForm[[#This Row],[GetSupplyChain]]=TRUE,ProjectCostForm[[#This Row],[RowComplete_SupplyChain]]=TRUE), AND(ProjectCostForm[[#This Row],[RowComplete_Basics]]=TRUE,ProjectCostForm[[#This Row],[GetBreakdown]]=TRUE,ProjectCostForm[[#This Row],[RowComplete_Breakdown]]=TRUE,ProjectCostForm[[#This Row],[BreakdownFlag]]=FALSE), AND(ProjectCostForm[[#This Row],[RowComplete_Basics]]=TRUE,ProjectCostForm[[#This Row],[GetSupplyChain]]=TRUE,ProjectCostForm[[#This Row],[RowComplete_SupplyChain]]=TRUE), AND(ProjectCostForm[[#This Row],[RowComplete_Basics]]=TRUE,ProjectCostForm[[#This Row],[GetRealty]]=TRUE,ProjectCostForm[[#This Row],[RowComplete_Realty]]=TRUE)),TRUE,FALSE) -> #N/A

Sheet Glossary
B2: Term | C2: Description
B3: Restoration Activity | C3: Components of a project for which costs can be assigned.
B4: Activity Type | C4: Restoration activity types include project management, planning, monitoring, implementation, materials purchases, and realty activities.
B5: Implementing Party | C5: Implementing Party describes the type of organization or institution that implements an Activity, and is relevant for Project management, Planning, Monitoring, Implementation, and Realty Services Activity Types.
B6: Vendor Type | C6: Vendor Type describes the type of organization or institution who sold a material, and is relevant for the Materials Purchase Activity Type.
B7: Selling Party | C7: Selling Party describes the type of organization or institution who is the selling party in a real estate purchase or transaction and is relevant for the Realty purchase Activity Type.
B8: Supply Chain Level | C8: Supply Chain Level describes the type of supplier for Materials Purchase Activities. Was the material purchased from a retailer, a wholesaler, or directly from the manufacturer?
B9: NAICS Code | C9: The North American Industrial Classification System (NAICS) is the standard used by Federal statistical agencies in classifying business establishments for the purpose of collecting, analyzing, and publishing statistical data related to the U.S. business economy (Office of Management and Budget, 2017). For most activities, spending is matched to a NAICS sector to describe the work or purchase made. Suggested links between common restoration activities and NAICS codes are provided in appendix tables A1:A4 in Cullinane Thomas et al., 2024. The NAICS website (https://www.census.gov/naics/) provides detailed descriptions of each NAICS code and can be searched by number or by key words.
B10: Type of real estate purchase | C10: This question clarifies the type of real estate purchase for the 'Realty - land, easement, restoration bank purchase' activity (options include land purchase, easement purchase, and restoration bank purchase).
B11: Labor Hours | C11: If the implementing party for project management, planning, or monitoring activities is a governmental or non-governmental organization (NGO), then information on labor, travel, and other nonlabor costs is collected (instead of a NAICS code). Labor hours are an estimate of the total number of labor hours spent on a selected restoration activity. This field is optional.
B12: Labor Costs | C12: If the implementing party for project management, planning, or monitoring activities is a governmental or non-governmental organization (NGO), then information on labor, travel, and other nonlabor costs is collected (instead of a NAICS code). Labor costs are the total (loaded) labor costs for the labor hours spent on a selected restoration activity. Labor costs should include wages, salaries, benefits, and taxes. Overhead costs should not be included here.
B13: Travel Costs | C13: If the implementing party for project management, planning, or monitoring activities is a governmental or non-governmental organization (NGO), then information on labor, travel, and other nonlabor costs is collected (instead of a NAICS code). Travel costs include all non-labor travel costs for the selected activity.
... B15: Economic Impacts | C15: Economic impact analyses measure the jobs and business activity created or supported through expenditures. The Restoration Cost Collection (RCC) framework collects the necessary data for economic impact analysis, but does not directly estimate economic impacts. For more information on how to estimate economic impacts using these data, please see [add journal article citation].

Sheet References
A1: References
B3: Cullinane Thomas, C, Huber C, Skrabis K, Hoelzle T (2024) A Framework for Estimating Economic Impacts of Ecological Restoration. Environmental Management. 10.1007/s00267-024-02040-x
B4: Office of Management and Budget. (2017). North American Industrial Classification System, 2017. U.S. Government Printing Office, Washington, D.C. Available at https://www.census.gov/naics/reference_files_tools/2017_NAICS_Manual.pdf.
B5: U.S. Census Bureau. N.d. North American Industry Classification System. Available at https://www.census.gov/naics/.

Sheet Drop Down Lists
A1: Party | B1: Party_abr | D1: State | F1: Supply Chain Level | G1: Supply_abr | I1: Realty Purchase Type | K1: Activity | L1: Activity_abr | N1: Manage | O1: Plan | P1: Monitor | Q1: Implement | R1: Materials | S1: Realty_Buy | T1: Realty_Service
A2: Private Industry | B2: P | D2: Alabama | F2: Direct from manufacturer | G2: D | I2: Land purchase | K2: Project management and/or oversight | L2: Manage | N2: Management Consulting Services (54161) | O2: Management Consulting Services (54161) | P2: Management Consulting Services (54161) | Q2: Hay Farming (11194) | R2: Nursery/greenhouse products (1114) | T2: Banking, Loans, Brokerage, and Other Loan Intermediary Costs (522)
A3: Federal govt | B3: F | D3: Alaska | F3: Wholesale | G3: W | I3: Easement purchase | K3: Planning | L3: Plan | N3: Environmental Consulting Services (54162) | O3: Environmental Consulting Services (54162) | P3: Environmental Consulting Services (54162) | Q3: All Other Crop Farming (includes grass seed farming) (11199) | R3: Mulch/Hay/Straw (11194) | T3: Real Estate Services (realtors, appraisals, property management) (531)
A4: State/local govt | B4: L | D4: American Samoa | F4: Retail | G4: R | I4: Bank purchase | K4: Monitoring | L4: Monitor | N4: Religious, Grantmaking, Civic, Professional, and Similar Organizations (813 ) | O4: Religious, Grantmaking, Civic, Professional, and Similar Organizations (813 ) | P4: Religious, Grantmaking, Civic, Professional, and Similar Organizations (813 ) | Q4: Aquaculture (11251) | R4: Seeds (111998) | T4: Legal Services (5411)
A5: NGO | B5: N | D5: Arizona | K5: Implementation | L5: Implement | N5: Scientific Research and Development Services (5417) | O5: Scientific Research and Development Services (5417) | P5: Scientific Research and Development Services (5417) | Q5: Apiculture (11291) | R5: Mining and quarrying stone (21231)
D6: Arkansas | K6: Materials purchase | L6: Materials | N6: Architectural, Engineering, and Related Services (includes landscape architecture, building inspections, surveying and mapping, and testing laboratories) (5413) | O6: Architectural, Engineering, and Related Services (includes landscape architecture, building inspections, surveying and mapping, and testing laboratories) (5413) | P6: Architectural, Engineering, and Related Services (includes landscape architecture, building inspections, surveying and mapping, and testing laboratories) (5413) | Q6: Horses and Other Equine Production (11292) | R6: Sand and Gravel (21232)
D7: California | K7: Realty - land, easement, restoration bank purchase | L7: Realty_Buy | N7: Other Scientific and Technical Consulting Services (54169) | O7: Other Scientific and Technical Consulting Services (54169) | P7: Other Scientific and Technical Consulting Services (54169) | Q7: Timber Tract Operations (11311) | R7: Natural fiber fabrics (31321)
D8: Colorado | K8: Realty - realty services, legal services | L8: Realty_Service | N8: Public Relations Agencies (54182) | O8: Public Relations Agencies (54182) | P8: Public Relations Agencies (54182) | Q8: Forest Nurseries and Gathering of Forest Products (11321) | R8: Synthetic fabrics (31323)
D9: Connecticut | N9: Accounting, Tax Preparation, Bookkeeping, and Payroll Services (54121) | O9: Accounting, Tax Preparation, Bookkeeping, and Payroll Services (54121) | P9: Accounting, Tax Preparation, Bookkeeping, and Payroll Services (54121) | Q9: Logging (11331) | R9: Wood products including wood fencing (321999)
D10: Delaware | N10: Legal Services (5411) | O10: Legal Services (5411) | P10: Legal Services (5411) | Q10: Fishing (11411) | R10: Gasoline (32411)
D11: District of Columbia | N11: Veterinary Services (54194) | O11: Veterinary Services (54194) | P11: Veterinary Services (54194) | Q11: Hunting and Trapping (11421) | R11: Fertilizer and soil amendments (325311)
D12: Florida | N12: Custom Computer Programming Services (541511) | O12: Custom Computer Programming Services (541511) | P12: Custom Computer Programming Services (541511) | Q12: Support Activities for Crop Production (includes aerial spraying, soil preparation, planting, cultivating) (11511) | R12: Paint and other coatings (32551)
D13: Georgia | N13: Computer Systems Design Services (541512) | O13: Computer Systems Design Services (541512) | P13: Computer Systems Design Services (541512) | Q13: Support Activities for Animal Production (includes breeding services, boarding) (11521) | R13: Plastic pipes and pipe fittings (326122)
D14: Guam | N14: All Other Professional, Scientific, and Technical Services (54199) | O14: All Other Professional, Scientific, and Technical Services (54199) | P14: All Other Professional, Scientific, and Technical Services (54199) | Q14: Support Activities for Forestry (includes estimating timber, forest firefighting, forest pest control, aerial seeding) (11531) | R14: Plastic netting (32619)
D15: Hawaii | Q15: Stone Mining and Quarrying (21231) | R15: Ready-mix concrete (32732)
D16: Idaho | Q16: Sand, Gravel, Clay, and Ceramic and Refractory Minerals Mining and Quarrying (21232) | R16: Brick/concrete products including concrete pipes and conduits (32733)
D17: Illinois | Q17: Support Activities for Mining (includes drilling, taking core samples, making geological observations) (21311) | R17: Iron or steel products, including metal posts (3311)
D18: Indiana | Q18: Water Supply and Irrigation Systems (includes operation of water treatment plants and/or water supply systems) (22131) | R18: Hardware (3325)
D19: Iowa | Q19: Sewage Treatment Facilities (includes operation of sewer systems or sewage treatment facilities) (22132) | R19: Wire fencing (3326)
D20: Kansas | Q20: Ship and Boat Building and Repair (33661) | R20: Communications equipment (3342)
D21: Kentucky | Q21: Nursery and Tree Production (111421) | R21: Vehicle purchase (cars) (33611)
D22: Louisiana | Q22: Cattle Ranching and Farming (1121) | R22: Vehicle purchase (light duty trucks) (336112)
D23: Maine | Q23: Hydroelectric Power Generation (221111) | R23: Vehicle purchase (heavy duty trucks) (336120)
D24: Maryland | Q24: Fossil Fuel Electric Power Generation (221112)
D25: Massachusetts | Q25: Nuclear Electric Power Generation (221113)
D26: Michigan | Q26: Solar Electric Power Generation (221114)
D27: Minnesota | Q27: Wind Electric Power Generation (221115)
D28: Mississippi | Q28: Geothermal Electric Power Generation (221116)
D29: Missouri | Q29: Biomass Electric Power Generation (221117)
D30: Montana | Q30: Commercial and Institutional Building Construction (includes new work) (23622-New)
D31: Nebraska | Q31: Commercial and Institutional Building Construction (includes reconstruction, rehabilitation, and repairs) (23622-Repair)
D32: Nevada | Q32: Water and Sewer Line and Related Structures Construction (includes new work) (23711-New)
D33: New Hampshire | Q33: Water and Sewer Line and Related Structures Construction (includes reconstruction, rehabilitation, and repairs) (23711-Repair)
D34: New Jersey | Q34: Power and Communication Line and Related Structures Construction (includes new work) (23713-New)
D35: New Mexico | Q35: Power and Communication Line and Related Structures Construction (includes reconstruction, rehabilitation, and repairs) (23713-Repair)
... D57: Wyoming | Q57: Veterinary Services (54194)
Q58: All Other Professional, Scientific, and Technical Services (54199)
Q59: Landscaping Services (includes planting trees and shrubs; does NOT include landscape architecture) (56173)
Q60: Waste Management and Remediation Services (562)
Q61: Automotive Mechanical and Electrical Repair and Maintenance (81111)
Q62: Electronic and Precision Equipment Repair and Maintenance (81121)
Q63: Commercial and Industrial Machinery and Equipment (except Automotive and Electronic) Repair and Maintenance (81131)
Q64: Religious, Grantmaking, Civic, Professional, and Similar Organizations (813 )
